 Dungeon Crawl Stone Soup version 0.23-a0-550-g7de1f8ee9f (webtiles) character file.

1342311 RKaid the Conqueror (level 27, 214/268 HPs)
             Began as a Kobold Arcane Marksman on Oct 21, 2018.
             Was a High Priest of Okawaru.
             Escaped with the Orb
             ... and 3 runes on Dec 8, 2018!
             The game lasted 08:37:23 (131305 turns).

RKaid the Conqueror (Kobold Arcane Marksman)      Turns: 131305, Time: 08:37:24

Health: 214/268    AC: 31    Str: 18    XL:     27
Magic:  19/19      EV: 32    Int: 26    God:    Okawaru [*****.]
Gold:   3838       SH: 11    Dex: 28    Spells: 11/44 levels left

rFire    + + .     SeeInvis .   b - +9 quick blade (flame)
rCold    + + .     Gourm    .   x - +3 buckler {rC+ rF+}
rNeg     . . .     Faith    .   m - +7 storm dragon scales {rElec}
rPois    .         Spirit   .   E - +2 helmet {Int+3}
rElec    +         Reflect  .   F - scarf {rC+ rF+}
rCorr    .         Harm     .   k - +2 pair of gloves {archery}
MR       ++...     Rnd*Rage +   j - +2 pair of boots {run} Stlth ..........Rnd*Tele +
                                r - amulet "Tosuiroh" {Acrobat Dex+3}
HPRegen  0.54/turn              s - ring "Luefinli" {+Fly MP-9 Int+9 Dex+8 Stlth-}
MPRegen  0.16/turn              e - ring of Birdsong {Slay+5 Stlth-}

@: berserking, very quick
A: small, claws 1, berserk 2, blurry vision 1, carnivore, clumsy 1, deformed
body, dopey 1, frail 1, low mp 2, mutation resistance 1, teleportitis 1, weak 1
0: Orb of Zot
}: 3/15 runes: decaying, slimy, gossamer
a: Heroism, Finesse, Renounce Religion, Evoke Flight


You escaped.
You worshipped Okawaru.
Okawaru was extremely pleased with you.
You were full.

You visited 11 branches of the dungeon, and saw 56 of its levels.
You visited the Abyss 1 time.
You also visited: Sewer, Ossuary and Labyrinth.

You collected 7261 gold pieces.
You spent 3423 gold pieces at shops.

Inventory:

Hand Weapons
 a - the +6 hand crossbow of Upamnont {elec, MR+ Str+4}
   (You found it on level 3 of the Elven Halls)

   It charges the ammunition it shoots with electricity; occasionally upon a
   hit, such missiles may discharge and cause terrible harm.
   It affects your strength (+4).
   It affects your resistance to hostile enchantments.
 b - a +9 quick blade of flaming (weapon)
   (Okawaru gifted it to you on level 6 of the Lair of Beasts)
 w - the +4 hand crossbow of Chain {freeze, Str+5 Dex+4}
   (Okawaru gifted it to you on level 4 of the Lair of Beasts)

   It causes projectiles fired from it to freeze those they strike, causing
   extra injury to most foes and up to half again as much damage against
   particularly susceptible opponents.
   They can also slow down cold-blooded creatures.
   It affects your strength (+5).
   It affects your dexterity (+4).
Missiles
 d - 1419 bolts
 g - 5 throwing nets {=f}
Armour
 j - a +2 pair of boots of running (worn)
   (Okawaru gifted it to you on level 2 of the Crypt)
 k - a +2 pair of gloves of archery (worn)
   (Okawaru gifted it to you on level 3 of the Vaults)
 m - +7 storm dragon scales (worn) {rElec}
   (You found it on level 4 of the Vaults)
 x - a +3 buckler of resistance (worn)
   (Okawaru gifted it to you on level 3 of the Swamp)
 E - a +2 helmet of intelligence (worn)
   (You found it on level 4 of the Dungeon)
 F - a scarf of resistance (worn)
   (Okawaru gifted it to you on level 4 of the Spider Nest)
 Y - a +2 cloak of invisibility
   (You took it off a draconian scorcher on level 4 of the Realm of Zot)
Jewellery
 e - the ring of Birdsong (right hand) {Slay+5 Stlth-}
   (You found it on level 5 of the Dungeon)

   [ring of attention]

   It affects your accuracy and damage with ranged weapons and melee attacks
   (+5).
   It makes you less stealthy.
 r - the amulet "Tosuiroh" (around neck) {Acrobat Dex+3}
   (You found it in a Labyrinth)

   [amulet of the acrobat]

   It helps you evade while moving and waiting.
   It affects your dexterity (+3).
 s - the ring "Luefinli" (left hand) {+Fly MP-9 Int+9 Dex+8 Stlth-}
   (You took it off a vault sentinel on level 1 of the Vaults)

   [ring of attention]

   It affects your intelligence (+9).
   It affects your dexterity (+8).
   It affects your magic capacity (-9).
   It lets you fly.
   It makes you less stealthy.
 B - an uncursed ring of poison resistance {rPois}
   (You found it on level 1 of the Dungeon)
 H - a +4 amulet of reflection
   (You found it on level 1 of the Vaults)
 K - the ring of Lies {rCorr Str+3 Slay+2}
   (You bought it in a shop on level 2 of the Orcish Mines)

   [ring of resist corrosion]

   It affects your strength (+3).
   It affects your accuracy and damage with ranged weapons and melee attacks
   (+2).
 V - an uncursed ring of see invisible {sInv}
   (You bought it in a shop on level 2 of the Elven Halls)
Wands
 u - a wand of iceblast (5)
   (You found it on level 1 of the Lair of Beasts)
 A - a wand of acid (14)
   (You found it on level 8 of the Dungeon)
 C - a wand of clouds (4)
   (You found it on level 5 of the Realm of Zot)
 D - a wand of digging (8)
   (You found it on level 4 of the Dungeon)
 T - a wand of disintegration (44)
   (You found it on level 2 of the Lair of Beasts)
 W - a wand of paralysis (6)
   (You found it on level 3 of the Depths)
Scrolls
 i - 8 scrolls of identify
 l - a scroll of blinking {!r}
 o - 31 scrolls of remove curse
 t - 13 scrolls of teleportation
 y - 2 scrolls of silence
 L - 10 scrolls of fear
 Q - 4 scrolls of summoning
 Z - 8 scrolls of fog
Potions
 c - 7 potions of curing
 h - 2 potions of heal wounds
 p - 3 potions of invisibility
 v - 3 potions of resistance
 z - 8 potions of might
 G - 7 potions of cancellation
 I - a potion of haste
 M - 8 potions of ambrosia
 N - 7 potions of brilliance
 O - a potion of mutation {!q!q}
 P - 2 potions of magic
 X - 4 potions of agility
Miscellaneous
 n - 3 phantom mirrors
 q - a lamp of fire
   (You found it on level 3 of the Elven Halls)
 J - a lightning rod (4/4)
   (You found it on level 5 of the Pits of Slime)
 R - 5 boxes of beasts
 S - 4 sacks of spiders
Comestibles
 f - 54 rations


   Skills:
 O Level 27 Fighting
 - Level 10.0 Short Blades
 - Level 10.0 Crossbows
 + Level 17.5 Armour
 + Level 25.4 Dodging
 - Level 5.5 Shields
 + Level 9.2 Spellcasting
 - Level 12.0 Hexes
 - Level 12.0 Summonings
 - Level 12.0 Necromancy
 - Level 6.0 Translocations
 - Level 4.0 Transmutations
   Level 4.0 Air Magic
 - Level 12.0 Earth Magic
 - Level 9.0 Poison Magic
 - Level 10.0 Invocations
 - Level 6.0 Evocations


You had 11 spell levels left.
You knew the following spells:

 Your Spells              Type           Power        Failure   Level  Hunger
a - Portal Projectile     Hex/Tloc       ######       1%          3    None
b - Summon Mana Viper     Hex/Summ       ######..     5%          5    ####...
c - Borgnjor's Vile Clut  Necr/Erth      ######....   5%          5    ####...
d - Olgreb's Toxic Radia  Pois           ######..     7%          4    #......
e - Apportation           Tloc           #####.       2%          1    None
f - Confusing Touch       Hex            ######       1%          1    None
g - Passage of Golubria   Tloc           N/A          22%         4    #......
h - Tukima's Dance        Hex            ######..     1%          3    None
i - Cause Fear            Hex            ######....   1%          4    #......
A - Passwall              Tmut/Erth      ######..     1%          2    None
B - Summon Butterflies    Summ           ######..     1%          1    None

Your spell library contained the following spells:

 Spells                   Type           Power        Failure   Level  Hunger
 Animate Skeleton         Necr           N/A          1%          1    None
 Corona                   Hex            ######.      1%          1    None
 Sandblast                Erth           ######       1%          1    None
 Summon Small Mammal      Summ           ####         1%          1    None
 Call Imp                 Summ           ######..     1%          2    None
 Slow                     Hex            ######..     1%          2    None
 Call Canine Familiar     Summ           ######..     1%          3    None
 Confuse                  Hex            ######..     1%          3    None
 Recall                   Summ/Tloc      N/A          1%          3    None
 Summon Guardian Golem    Hex/Summ       ######..     1%          3    None
 Animate Dead             Necr           N/A          1%          4    #......
 Leda's Liquefaction      Hex/Erth       ######....   1%          4    #......
 Poisonous Vapours        Pois/Air       #####.       2%          2    None
 Ensorcelled Hibernation  Hex/Ice        #####.       3%          2    None
 Sting                    Conj/Pois      ####         4%          1    None
 Beastly Appendage        Tmut           ####..       5%          1    None
 Spider Form              Tmut/Pois      #####.....   5%          3    None
 Lee's Rapid Deconstruct  Erth           ######....   5%          5    ####...
 Dazzling Spray           Conj/Hex       #####.       7%          3    None
 Inner Flame              Hex/Fire       #####...     7%          3    None
 Stone Arrow              Conj/Erth      #####.       7%          3    None
 Sticks to Snakes         Tmut           ####....     8%          2    None
 Petrify                  Tmut/Erth      ######..     10%         4    #......
 Summon Lightning Spire   Summ/Air       ######..     10%         4    #......
 Shock                    Conj/Air       ###.         12%         1    None
 Mephitic Cloud           Conj/Pois/Air  ####....     14%         3    None
 Swiftness                Chrm/Air       ###.....     19%         2    None
 Summon Ice Beast         Ice/Summ       #####...     22%         4    #......
 Flame Tongue             Conj/Fire      ##...        26%         1    None
 Freeze                   Ice            ##..         26%         1    None
 Darkness                 Hex            ######....   28%         6    ######.
 Invisibility             Hex            ######..     28%         6    ######.
 Death Channel            Necr           ######....   30%         6    ######.
 Static Discharge         Conj/Air       ###.....     34%         3    None
 Throw Flame              Conj/Fire      ##....       38%         2    None
 Throw Frost              Conj/Ice       ##....       38%         2    None
 Airstrike                Air            ####......   45%         4    #......
 Conjure Flame            Conj/Fire      ##......     63%         3    None
 Ozocubu's Armour         Chrm/Ice       ##......     63%         3    None
 Ice Form                 Ice/Tmut       ###.....     75%         4    #......
 Venom Bolt               Conj/Pois      #####.....   75%         5    ####...
 Blade Hands              Tmut           ####......   82%         5    ####...
 Bolt of Magma            Conj/Fire/Erth ####......   82%         5    ####...
 Statue Form              Tmut/Erth      ######...    83%         6    ######.
 Summon Hydra             Summ           ######....   86%         7    #######
 Sticky Flame             Conj/Fire      ##......     95%         4    #......
 Throw Icicle             Conj/Ice       ##......     95%         4    #......
 Irradiate                Conj/Tmut      ###.......   97%         5    ####...
 Lightning Bolt           Conj/Air       ###.......   97%         5    ####...
 Iron Shot                Conj/Erth      #####.....   98%         6    ######.
 Simulacrum               Ice/Necr       #####.....   98%         6    ######.
 Fireball                 Conj/Fire      ##........   100%        5    ####...
 Iskenderun's Battlesphe  Conj/Chrm      ##......     100%        5    ####...
 Bolt of Fire             Conj/Fire      ##........   100%        6    ######.
 Conjure Ball Lightning   Conj/Air       ###.......   100%        6    ######.
 Deflect Missiles         Chrm/Air       ###.......   100%        6    ######.
 Freezing Cloud           Conj/Ice/Air   ###.......   100%        6    ######.
 Hydra Form               Tmut           ####......   100%        6    ######.
 Dragon Form              Tmut           ####......   100%        7    #######
 Orb of Destruction       Conj           ##........   100%        7    #######
 Ring of Flames           Chrm/Fire      ##........   100%        7    #######
 Spellforged Servitor     Conj/Summ      #####.....   100%        7    #######
 Dragon's Call            Summ           ######....   100%        9    #######
 Shatter                  Erth           ######....   100%        9    #######


Dungeon Overview and Level Annotations

Branches:
Dungeon (15/15)            Temple (0/1) D:4            Lair (6/6) D:10
  Swamp (4/4) Lair:3       Spider (4/4) Lair:3        Slime (5/5) Lair:6
    Orc (2/2) D:12            Elf (3/3) Orc:2        Vaults (4/5) D:14
  Crypt (3/3) Vaults:2     Depths (5/5) D:15            Zot (5/5) Depths:5
   Tomb: Crypt:3

Altars:
Ashenzari
Cheibriados
Dithmenos
Elyvilon
Fedhas
Kikubaaqudgha
Okawaru
Ru
Sif Muna
Trog
Yredelemnul
Beogh

Shops:
D:15 !   Orc:2 *[(=   Elf:2 ==}   Vaults:3 [

Portals:
Hell: Depths:1 Depths:2 Depths:3 Depths:5
Abyss: Depths:2 Depths:4
Pandemonium: Depths:1 Depths:3
Ziggurat: Depths:2

Annotations:
D:12 exclusion: downstairs
D:14 exclusion: 2 oklob plants
D:15 3 runed doors, tidbits's ghost, journeyman FeTm
Lair:2 exclusion: oklob plant
Swamp:3 1 runed door, tmwh's ghost, adept GrEE
Elf:2 exclusion: 3 doors
Crypt:3 exclusion: 3 doors, Jory; Khufu
Zot:1 3 runed doors, Dimuomoa's ghost, veteran MiBe; Faosin's ghost, adept DDFi; Kipell's ghost, legendary SpEn; Qohiqu's ghost, veteran SpEn; Siennil's ghost, legendary MfGl
Zot:2 ghost!, Ugofegei's ghost, veteran MiBe


Innate Abilities, Weirdness & Mutations

You are small and have problems with some larger weapons.
You are carnivorous and can eat meat at any time.
You have sharp fingernails.
You often lose your temper in combat.
Scrolls take you a little longer to read.
You are clumsy. (Dex -2)
Armour fits poorly on your strangely shaped body.
You are dopey. (Int -2)
You are frail. (-10% HP)
Your magical capacity is very low. (-20% MP)
You are somewhat resistant to further mutation.
You are occasionally teleported next to monsters.
You are weak. (Str -2)


Message History

Press: ? - help, Shift-Dir - straight line, f/p - Executioner
Aim: an Executioner (lightly wounded, fast)
You shoot a bolt.
The bolt closely misses the Executioner.
You block the Executioner's attack. The Executioner misses you.
You block the Executioner's attack.
The Executioner hits you but does no damage.
The Executioner completely misses you. The Executioner barely misses you.
Firing (i - inventory)
d - 1412 bolts (quivered)
Press: ? - help, Shift-Dir - straight line, f/p - Executioner
Aim: an Executioner (lightly wounded, fast)
You shoot a bolt. The bolt hits the Executioner!
The Executioner misses you. You block the Executioner's attack. x2
Evoke which item? (* to show all) (? for menu, Esc to quit)
Aiming: Disintegrate
Press: ? - help, Shift-Dir - straight line, f/p - Executioner
Aim: an Executioner (moderately wounded, fast, chance to defeat MR: 3%)
Okay, then.
Evoke which item? (* to show all) (? for menu, Esc to quit)
Okay, then.
The +6 hand crossbow of Upamnont {elec, MR+ Str+4} stops crackling.
Your +9 quick blade of flaming bursts into flame!
b - a +9 quick blade of flaming (weapon)
The Executioner completely misses you. You block the Executioner's attack.
The Executioner completely misses you. The Executioner hits you.
You block the Executioner's attack. The Executioner completely misses you.
You hit the Executioner but do no damage.
You miss the Executioner. The Executioner completely misses you.
The Executioner barely misses you. You block the Executioner's attack.
Press: ? - help, v - describe, . - travel, g - get item
Here: an Executioner (moderately wounded, fast) 8 bolts.
The floor.
Unknown command.
Your storm dragon scales prevents you from hitting the Executioner.
The Executioner hits you but does no damage.
You block the Executioner's attack. x2
You impale the Executioner!! You burn the Executioner.
You hit the Executioner but do no damage.
The Executioner completely misses you.
The Executioner hits you but does no damage.
The Executioner completely misses you.
You puncture the Executioner! You burn the Executioner.
You puncture the Executioner! You burn the Executioner.
You kill the Executioner!
Okawaru accepts your kill.
d - 1419 bolts (gained 8)
There is a stone staircase leading up here.
You climb upwards.
There is a stone staircase leading down here.
You feel like a meek peon again.
There is a staircase leading out of the dungeon here.
You start resting.
Your hands slow down.
You start resting. 3 orange demons and a cacodemon come into view.
You hit the cacodemon. You burn the cacodemon. You puncture the cacodemon!
You burn the cacodemon. You hit the cacodemon. You burn the cacodemon.
You barely miss the cacodemon. You hit the cacodemon but do no damage.
The cacodemon completely misses you. x2
The orange demon barely misses you. The orange demon completely misses you.
You puncture the cacodemon! You burn the cacodemon.
You hit the cacodemon but do no damage. You hit the cacodemon.
You burn the cacodemon. The cacodemon misses you. x2
The orange demon closely misses you.
The orange demon stings you but does no damage.
The orange demon misses you.
A red film seems to cover your vision as you go berserk!
You feel yourself moving faster!
You feel mighty!
You puncture the cacodemon! You burn the cacodemon. You puncture the cacodemon!
You burn the cacodemon. You hit the cacodemon. You burn the cacodemon.
You impale the cacodemon!! You burn the cacodemon!
The cacodemon gestures at you.
You easily resist.
The orange demon completely misses you. You block the orange demon's attack. x2
You barely miss the cacodemon. You hit the cacodemon. You burn the cacodemon.
You closely miss the cacodemon. You puncture the cacodemon!
You burn the cacodemon.
You kill the cacodemon!
Okawaru accepts your kill. You block the orange demon's attack.
The orange demon completely misses you. x2
The orange demon misses you. The orange demon completely misses you.
A Tzitzimitl comes into view.
You impale the orange demon!! You burn the orange demon!
You puncture the orange demon! You burn the orange demon.
You puncture the orange demon! You burn the orange demon.
The orange demon closely misses you. You block the orange demon's attack.
The orange demon stings you but does no damage.
The orange demon closely misses you. The orange demon completely misses you.
You puncture the orange demon! You burn the orange demon.
You kill the orange demon!
Okawaru accepts your kill.
You puncture the orange demon! You burn the orange demon.
You block the orange demon's attack. The orange demon completely misses you.
There is a staircase leading out of the dungeon here.
You feel a strong urge to attack something.
You have escaped!

#.# #..... #.# #.....
#.##########################.....
#.#.#..#.....#..#.....#..#.#.####
#.#.#..#..#..#..#..#.......#.#
#............................#
#...#..#..#..#..4..#..#..#..##
###..........#.....#..#..#.##
#....#..#1..4.@..#.....#.#
##########################


You could see a Tzitzimitl and 2 orange demons.

Vanquished Creatures
  the Royal Jelly (Slime:5)
  6 orbs of fire
  3 ancient liches
  2 juggernauts
  Frederick (Vaults:3)
  Saint Roka (Elf:3)
  Margery (Depths:3)
  5 Killer Klowns
  11 golden dragons
  7 caustic shrikes
  Nikola (Depths:2)
  3 liches
  3 electric golems
  28 Orb Guardians
  3 titans
  9 tentacled monstrosities
  6 deep elf blademasters (Elf:3)
  17 acid blobs
  6 quicksilver dragons
  2 deep elf master archers (Elf:3)
  7 death cobs
  4 thorn hunters (Swamp:4)
  An Executioner (D:2)
  13 storm dragons
  5 sphinxes
  8 shadow dragons
  8 fire giants
  14 azure jellies
  8 tengu reavers
  3 revenants
  3 draconian monks
  12 deep elf sorcerers
  An iron dragon (Depths:4)
  2 curse skulls
  7 draconian knights
  14 vault wardens
  9 frost giants
  2 cacodemons
  6 ghost moths
  11 draconian scorchers
  A juggernaut zombie (Crypt:2)
  An orc warlord (Orc:1)
  9 draconian stormcallers
  10 ironheart preservers
  2 deep elf elementalists (Elf:3)
  4 draconian shifters
  Louise (D:14)
  A caustic shrike zombie (Depths:2)
  A balrug (Zot:4)
  7 emperor scorpions
  7 draconian annihilators
  6 ghouls
  A spriggan defender (Depths:5)
  15 stone giants
  2 caustic shrike skeletons (Depths:2)
  6 very ugly things
  3 vampire knights
  2 war gargoyles
  3 entropy weavers
  18 green draconians
  7 purple draconians
  4 deep elf demonologists
  A lorocyproca (D:13)
  7 white draconians
  13 red draconians
  15 yellow draconians
  A minotaur (shapeshifter) (Depths:2)
  Azrael (D:15)
  15 black draconians
  6 deep elf annihilators (Elf:3)
  A minotaur (Lab)
  6 deep elf death magi
  10 death oozes
  12 ettins
  Josephine (Swamp:1)
  15 jiangshi
  A fire dragon (shapeshifter) (Vaults:2)
  A crystal guardian (Vaults:3)
  11 eidola
  10 yaktaur captains
  14 fire dragons
  5 deep elf high priests
  3 rakshasas
  10 great orbs of eyes
  27 hydras
  14 vault guards
  6 ice dragons
  5 ghost crabs
  3 catoblepae
  2 shambling mangroves (Swamp:1)
  13 centaur warriors
  6 spriggan air magi
  3 death knights
  26 dancing weapons
  6 deep troll shamans
  42 two-headed ogres
  Urug (D:11)
  12 alligators
  A death yak (Lair:3)
  14 ogre magi
  8 deep troll earth magi
  8 vampire magi
  3 orc high priests
  5 spriggan berserkers
  5 tengu warriors
  20 deep elf knights
  A titan skeleton (Crypt:2)
  3 soul eaters
  An anaconda zombie (Crypt:1)
  2 iron trolls (Depths:4)
  24 skeletal warriors
  A wretched star (Abyss:3)
  10 hell knights
  A shadow wraith (Vaults:3)
  2 spriggan druids (Swamp:4)
  An unseen horror (shapeshifter) (Depths:1)
  5 unseen horrors
  A deep troll (shapeshifter) (D:15)
  14 deep elf archers
  5 glowing orange brains
  29 deep trolls
  5 flayed ghosts
  A shadow dragon zombie (Crypt:2)
  3 wizards
  An iron giant skeleton (Crypt:2)
  10 swamp dragons
  A lindwurm (Lair:6)
  12 phantasmal warriors
  14 ironbrand convokers
  16 orc knights
  7 harpies
  An orb spider (shapeshifter) (D:15)
  3 oklob plants (Lair:6)
  A faun (shapeshifter) (D:14)
  4 orc sorcerers (Orc:2)
  5 cyclopes
  33 wolf spiders
  27 orb spiders
  An iron dragon zombie (Crypt:1)
  A manticore (shapeshifter) (Depths:1)
  7 necromancers
  A manticore (D:15)
  38 ugly things
  63 deep elf magi
  26 moths of wrath
  7 elephants
  2 centaur zombies
  A sphinx skeleton (Vaults:3)
  4 shining eyes
  A dire elephant zombie (Crypt:2)
  12 vault sentinels
  A torpor snail (shapeshifter) (Vaults:3)
  3 torpor snails
  3 orange demons
  21 spiny frogs
  A molten gargoyle (Depths:4)
  An eye of devastation (Slime:5)
  A gargoyle (D:10)
  A spiny frog (shapeshifter) (Depths:3)
  A spriggan skeleton (Depths:1)
  A kobold demonologist (D:13)
  A white draconian zombie (Crypt:1)
  13 demonic crawlers
  49 yaktaurs
  A rime drake (Lair:6)
  5 tengu conjurers
  11 freezing wraiths
  2 komodo dragons
  A hydra zombie (Crypt:2)
  A polar bear (shapeshifter) (Vaults:4)
  A hellwing (Depths:1)
  4 red devils
  An iron troll skeleton (Crypt:1)
  29 jumping spiders
  5 trolls
  4 polar bears
  A meliai (D:14)
  112 slime creatures
  An ice dragon zombie (Crypt:2)
  8 tyrant leeches
  9 bog bodies
  A tengu simulacrum (Vaults:1)
  3 large abominations
  24 hornets
  13 blink frogs
  11 dream sheep
  A frost giant simulacrum (Depths:1)
  A fire giant simulacrum (Depths:2)
  12 hippogriffs
  A snapping turtle (shapeshifter) (Depths:2)
  A guardian serpent skeleton (Crypt:1)
  Sigmund (D:3)
  An ice dragon skeleton (Crypt:2)
  22 spriggans
  2 air elementals (Elf:2)
  6 flying skulls (Crypt:1)
  26 tarantellas
  An alligator skeleton (Crypt:1)
  2 ettin skeletons
  A shadow (D:14)
  3 wyverns
  4 water elementals
  50 yaks
  A yak (shapeshifter) (Depths:4)
  4 wraiths
  A fire dragon skeleton (Crypt:2)
  9 fire elementals
  2 vampires
  63 redbacks
  A fire bat (shapeshifter) (D:15)
  2 hogs (shapeshifter)
  6 golden eyes (Slime:5)
  A golden eye (shapeshifter) (Depths:3)
  A yaktaur simulacrum (Vaults:1)
  5 basilisks
  3 steam dragons (D:7)
  5 hungry ghosts
  A basilisk (shapeshifter) (Vaults:3)
  13 vampire mosquitoes
  Edmund (D:4)
  A swamp worm (shapeshifter) (Vaults:4)
  8 wargs
  18 swamp worms
  6 insubstantial wisps
  A soldier ant (D:14)
  2 acid dragons (D:14)
  A floating eye (Depths:5)
  3 hell hounds (D:15)
  6 porcupines
  14 water moccasins
  A merfolk skeleton (Crypt:2)
  36 orc warriors
  3 sky beasts
  10 swamp drakes
  6 ice beasts
  2 black bears
  6 eyes of draining
  2 manticore zombies
  4 necrophages
  4 phantoms
  An ettin simulacrum (Vaults:1)
  45 ogres
  12 boggarts
  An eye of draining (shapeshifter) (Vaults:3)
  19 centaurs
  A boggart (shapeshifter) (Vaults:2)
  31 wolves
  5 crocodiles
  An elf zombie (D:4)
  3 earth elementals
  A big kobold (D:14)
  14 bullfrogs
  A gnoll sergeant (D:7)
  4 scorpions
  5 wyvern skeletons (Crypt:3)
  A water moccasin skeleton (D:10)
  38 killer bees
  A raiju zombie (Crypt:1)
  An orc simulacrum (Vaults:1)
  24 wights
  4 electric eels
  7 howler monkeys
  10 crimson imps
  A quasit (D:7)
  5 jellies
  2 bullfrog zombies
  6 hounds
  2 human zombies
  22 orc wizards
  15 orc priests
  3 centaur skeletons
  A gnoll shaman (Orc:2)
  Crazy Yiuf (D:3)
  3 bullfrog skeletons
  Terence (D:2)
  2 human skeletons
  4 iguanas
  9 worker ants
  7 hell rats
  A killer bee zombie (D:7)
  5 big kobold zombies (Ossuary)
  A deep dwarf zombie (Crypt:2)
  A crocodile skeleton (Crypt:1)
  3 hound skeletons
  A mummy (Ossuary)
  A worker ant zombie (D:5)
  A gnoll (shapeshifter) (Vaults:4)
  19 gnolls
  13 adders
  4 shadow imps
  2 oozes
  2 adder skeletons (D:4)
  3 worms
  12 leopard geckos
  78 orcs
  A spectral bat (Ossuary)
  4 ball pythons (Sewer)
  6 bats
  8 giant cockroaches
  6 gnoll zombies (Ossuary)
  3 goblins
  7 hobgoblins
  8 jackals
  6 quokkas
  5 bat simulacra (Ossuary)
  12 frilled lizards
  A gnoll skeleton (Crypt:2)
  4 goblin simulacra (Ossuary)
  4 goblin zombies (Ossuary)
  3 hobgoblin zombies (Ossuary)
  2 jackal zombies (D:5)
  15 kobolds
  5 kobold simulacra (Ossuary)
  4 kobold zombies (Ossuary)
  3 orc skeletons (D:4)
  5 orc zombies (Ossuary)
  A quokka zombie (D:5)
  6 rats
  2 rat simulacra (Ossuary)
  A rat skeleton (Crypt:2)
  A river rat zombie (Crypt:2)
  A spectral goblin (Ossuary)
  A spectral kobold (Ossuary)
  3 spectral rats (Ossuary)
2484 creatures vanquished.

Vanquished Creatures (collateral kills)
  An orb of fire (Zot:5)
  A golden dragon (Zot:5)
  A draconian monk (Zot:5)
  A green draconian (Zot:5)
  A vampire knight (Crypt:2)
  An eidolon (Crypt:3)
  A vampire mage (Crypt:2)
7 creatures vanquished.

Vanquished Creatures (others)
  A shadow dragon (Zot:5)
  A draconian knight (Zot:5)
  5 stone giants
  A vampire knight (Depths:2)
  2 yaktaur captains
  A centaur warrior (Vaults:1)
  A deep elf knight (Elf:1)
  A cyclops (Vaults:2)
  5 deep elf magi
  A wolf spider (Spider:1)
  A vault sentinel (Vaults:1)
  A moth of wrath (Zot:5)
  A black mamba (Lair:6)
  16 yaktaurs
  A bog body (Lair:3)
  A redback (Spider:1)
  2 dancing weapons
  3 swamp drakes
  3 centaurs
  A spectral bat (Ossuary)
  A gnoll zombie (Ossuary)
  A hobgoblin zombie (Ossuary)
  An orc zombie (Ossuary)
  A spectral goblin (Ossuary)
  2 spectral kobolds (Ossuary)
  5 briar patches (Swamp:4)
  A demonic plant (Abyss:3)
  9 fungi
  10 plants
  A starspawn tentacle (Abyss:3)
81 creatures vanquished.

Grand Total: 2572 creatures vanquished

Notes
Turn   | Place    | Note
-------+----------+-------------------------------------------
     0 | D:1      | RKaid the Kobold Arcane Marksman began the quest for the
                  | Orb.
     0 | D:1      | Reached XP level 1. HP: 12/12 MP: 2/2
    69 | D:1      | Reached XP level 2. HP: 16/16 MP: 3/3
    99 | D:1      | Reached skill level 3 in Crossbows
   468 | D:1      | Reached XP level 3. HP: 21/21 MP: 4/4
   656 | D:1      | Reached skill level 3 in Dodging
  1406 | D:2      | Learned a level 3 spell: Portal Projectile
  1417 | D:2      | Found an iron altar of Okawaru.
  1417 | D:2      | Found a sacrificial altar of Ru.
  1417 | D:2      | Found a snail-covered altar of Cheibriados.
  1424 | D:2      | Upgraded the game from 0.23-a0-352-geaabbf348b to
                  | 0.23-a0-356-g1757c6e039
  1431 | D:2      | Became a worshipper of Warmaster Okawaru
  1492 | D:2      | Reached skill level 2 in Fighting
  1602 | D:2      | Reached XP level 4. HP: 21/26 MP: 5/5
  1738 | D:2      | Found a faded altar of an unknown god.
  1814 | D:2      | HP: 6/26 [worm (11)]
  2297 | D:2      | Noticed a centaur
  2325 | D:2      | Noticed Terence
  2346 | D:2      | Found a blossoming altar of Fedhas.
  2789 | D:2      | Killed Terence
  2789 | D:2      | Reached skill level 4 in Crossbows
  2789 | D:2      | Reached skill level 1 in Shields
  3307 | D:3      | Noticed Sigmund
  3370 | D:3      | Killed Sigmund
  3370 | D:3      | Reached * piety under Okawaru
  3370 | D:3      | Reached skill level 3 in Fighting
  3370 | D:3      | Reached skill level 5 in Crossbows
  3370 | D:3      | Reached skill level 2 in Shields
  3370 | D:3      | Reached XP level 5. HP: 14/32 MP: 6/6
  3370 | D:3      | Reached XP level 6. HP: 17/37 MP: 7/7
  4053 | D:3      | Found a runed door.
  4391 | D:3      | Noticed Crazy Yiuf
  4395 | D:3      | Killed Crazy Yiuf
  4497 | D:4      | Found a staircase to the Ecumenical Temple.
  4610 | D:4      | Reached XP level 7. HP: 28/41 MP: 8/8
  4680 | D:4      | Reached skill level 6 in Crossbows
  4680 | D:4      | Reached skill level 3 in Shields
  4739 | D:4      | Found a sand-covered staircase.
  4745 | Ossuary  | Entered an ossuary
  5031 | Ossuary  | Reached skill level 1 in Invocations
  5383 | Ossuary  | HP: 8/41 [mummy (17)]
  6155 | D:4      | Reached ** piety under Okawaru
  6155 | D:4      | Reached XP level 8. HP: 29/48 MP: 9/9
  6361 | D:4      | Reached skill level 4 in Fighting
  6361 | D:4      | Reached skill level 2 in Invocations
  6786 | D:5      | Entered Level 5 of the Dungeon
  6792 | D:5      | Reached skill level 7 in Crossbows
  6803 | D:5      | Reached skill level 4 in Shields
  6982 | D:5      | Found a glowing drain.
  7007 | Sewer    | Entered a sewer
  7874 | D:5      | Reached skill level 8 in Crossbows
  7968 | D:5      | Noticed Edmund
  8002 | D:4      | Killed Edmund
  8002 | D:4      | Reached XP level 9. HP: 41/53 MP: 7/10
  8110 | D:5      | Reached skill level 5 in Shields
  8117 | D:5      | Reached skill level 5 in Fighting
  8120 | D:5      | Reached *** piety under Okawaru
  8441 | D:5      | Got a warped marble ring
  8580 | D:5      | Found a shadowy altar of Dithmenos.
  9154 | D:6      | Identified the ring of Birdsong {Slay+5 Stlth-} (You found
                  | it on level 5 of the Dungeon)
  9168 | D:6      | Reached skill level 9 in Crossbows
  9181 | D:6      | RKaid: !ac 7
  9181 | D:6      | beem: 3.14 armour skill per 1 AC for 7 base AC
  9181 | D:6      | RKaid: !ac 8
  9181 | D:6      | beem: 2.75 armour skill per 1 AC for 8 base AC
  9181 | D:6      | RKaid: !calc 2.75*4
  9181 | D:6      | beem: 11
  9347 | D:6      | Reached skill level 6 in Fighting
  9546 | D:6      | Reached skill level 10 in Crossbows
  9566 | D:6      | Found a deep blue altar of Sif Muna.
  9574 | D:6      | Reached **** piety under Okawaru
  9962 | D:7      | Received a gift from Okawaru
 10006 | D:7      | Reached skill level 7 in Fighting
 10025 | D:7      | Reached XP level 10. HP: 46/63 MP: 11/11
 10327 | D:7      | Reached skill level 8 in Fighting
 10337 | D:7      | HP: 15/64 [something] (3)]
 10981 | D:7      | Reached skill level 9 in Fighting
 11205 | D:7      | Reached skill level 10 in Fighting
 11208 | D:7      | HP: 10/68 [steam dragon/ball of steam (14)]
 11214 | D:7      | HP: 6/68 [steam dragon/ball of steam (12)]
 11220 | D:7      | HP: 4/68 [steam dragon/ball of steam (22)]
 12347 | D:8      | Reached skill level 1 in Short Blades
 12417 | D:7      | HP: 15/68 [sky beast (5)]
 12422 | D:7      | HP: 14/68 [poisoned by a water moccasin]
 12768 | D:7      | Reached skill level 2 in Short Blades
 13151 | D:8      | Reached skill level 11 in Fighting
 13274 | D:8      | Reached skill level 4 in Dodging
 13302 | D:8      | Reached skill level 3 in Short Blades
 13341 | D:8      | Noticed a two-headed ogre
 13353 | D:8      | Killed a two-headed ogre
 13353 | D:8      | Reached ***** piety under Okawaru
 13353 | D:8      | Received a gift from Okawaru
 13353 | D:8      | Reached skill level 4 in Short Blades
 13353 | D:8      | Reached skill level 5 in Dodging
 13353 | D:8      | Reached XP level 11. HP: 39/74 MP: 12/12
 13550 | D:8      | Noticed a wizard
 13562 | D:8      | Killed a wizard
 13568 | D:8      | Noticed a wizard
 13623 | D:8      | Cast into level 3 of the Abyss (a wizard)
 13624 | Abyss:3  | Upgraded the game from 0.23-a0-356-g1757c6e039 to
                  | 0.23-a0-375-g66a18ee0fb
 13633 | Abyss:3  | Found a corrupted altar of Lugonu.
 13634 | Abyss:3  | Noticed a thorn hunter
 13635 | Abyss:3  | Noticed a rakshasa
 13648 | Abyss:3  | HP: 4/74 [water nymph/the raging water (34)]
 13754 | Abyss:3  | Noticed a thrashing horror
 13774 | Abyss:3  | Reached skill level 5 in Short Blades
 13822 | Abyss:3  | Noticed a large abomination
 13922 | Abyss:3  | Noticed a wretched star
 13933 | Abyss:3  | Killed a wretched star
 13933 | Abyss:3  | Received a gift from Okawaru
 13933 | Abyss:3  | Reached skill level 6 in Dodging
 13989 | Abyss:3  | Reached skill level 6 in Short Blades
 13990 | Abyss:3  | Noticed a starcursed mass
 14006 | Abyss:3  | Found a corrupted altar of Lugonu.
 14126 | Abyss:3  | HP: 7/76 [large abomination (15)]
 14128 | Abyss:3  | Found a corrupted altar of Lugonu.
 14278 | Abyss:3  | Noticed a tentacled starspawn
 14339 | Abyss:3  | HP: 12/76 [large abomination (23)]
 14346 | Abyss:3  | Found a corrupted altar of Lugonu.
 14387 | D:8      | Escaped the Abyss
 14388 | D:8      | Noticed a wolf spider
 14388 | D:8      | a wizard changed into a wolf spider
 14419 | D:8      | Noticed an orc sorcerer
 14787 | D:8      | Noticed an orc sorcerer
 14798 | D:8      | orc sorcerers and banishing wizards on D:8 ???
 14826 | D:9      | Found a bloodstained altar of Trog.
 14908 | D:9      | Found an ancient bone altar of Kikubaaqudgha.
 14931 | D:9      | Noticed a two-headed ogre
 15138 | D:9      | Got a warped flail
 15540 | D:9      | Killed a two-headed ogre
 15540 | D:9      | Reached skill level 12 in Fighting
 15569 | D:9      | Reached skill level 7 in Dodging
 15573 | D:9      | Learned a level 2 spell: Slow
 15578 | D:9      | Learned a level 4 spell: Cause Fear
 15578 | D:9      | RKaid: !ac 8
 15578 | D:9      | RKaid: beem?
 15578 | D:9      | RKaid: :(
 15883 | D:10     | Entered Level 10 of the Dungeon
 15980 | D:10     | Reached skill level 7 in Short Blades
 17045 | D:10     | Got a glittering silver ring
 17609 | D:10     | Reached skill level 4 in Hexes
 17609 | D:10     | Reached skill level 3 in Invocations
 17866 | D:10     | Found a staircase to the Lair.
 18056 | D:11     | Reached XP level 12. HP: 80/82 MP: 11/14
 18201 | D:11     | Reached skill level 8 in Short Blades
 18215 | D:11     | Noticed a five-headed hydra
 18462 | Lair:1   | Entered Level 1 of the Lair of Beasts
 18519 | Lair:1   | Upgraded the game from 0.23-a0-375-g66a18ee0fb to
                  | 0.23-a0-422-g30b1108d6a
 18519 | Lair:1   | RKaid: !lg . ghwr
 18519 | Lair:1   | beem: 7. RKaid the Ruffian (L3 GhWr), slain by Robin (a +2
                  | mace of holy wrath) on D:2 on 2018-07-09 22:19:14, with 45
                  | points after 1511 turns and 0:04:48.
 18519 | Lair:1   | RKaid: !lg ghwr
 18519 | Lair:1   | beem: No games for ghwr.
 18519 | Lair:1   | RKaid: !log . splat
 18519 | Lair:1   | beem: 42. RKaid, XL23 SpNe, T:124233:
                  | https://underhound.eu/crawl/morgue/RKaid/morgue-RKaid-20181
                  | 114-184729.txt
 18519 | Lair:1   | RKaid: !log . ghwr
 18519 | Lair:1   | beem: 7. RKaid, XL3 GhWr, T:1511:
                  | https://underhound.eu/crawl/morgue/RKaid/morgue-RKaid-20180
                  | 709-221914.txt
 18519 | Lair:1   | RKaid: !log . s=ghoul
 18519 | Lair:1   | beem: Unknown field: ghoul
 18519 | Lair:1   | RKaid: !lg . s=ghoul
 18519 | Lair:1   | beem: Unknown field: ghoul
 18519 | Lair:1   | RKaid: !lg $p
 18519 | Lair:1   | beem: 432. RKaid the Slayer (L23 SpNe of Kikubaaqudgha),
                  | blasted by a black draconian scorcher (damnation) (kmap:
                  | grunt_megastairs_4) on Zot:2 on 2018-11-14 18:47:29, with
                  | 511903 points after 124233 turns and 11:44:59.
 18519 | Lair:1   | RKaid: !help
 18519 | Lair:1   | beem: I'm a bot that sends commands to the DCSS IRC
                  | knowledge bots. For details, see
                  | https://github.com/gammafunk/beem/blob/master/docs/commands
                  | .md and to have me watch your games on this server, type:
                  | !subscribe
 18519 | Lair:1   | RKaid: !lg . ghoul
 18519 | Lair:1   | beem: 14. RKaid the Grappler (L9 GhCK of Xom), slain by an
                  | ogre (a cursed +0 giant spiked club) on D:7 on 2018-10-21
                  | 15:50:04, with 2650 points after 6535 turns and 0:26:27.
 18519 | Lair:1   | RKaid: !log . ghoul
 18519 | Lair:1   | beem: 14. RKaid, XL9 GhCK, T:6535:
                  | https://underhound.eu/crawl/morgue/RKaid/morgue-RKaid-20181
                  | 021-155004.txt
 18519 | Lair:1   | Upgraded the game from 0.23-a0-422-g30b1108d6a to
                  | 0.23-a0-451-g1044d4cbad
 18623 | D:10     | Reached skill level 4 in Invocations
 19006 | Lair:1   | Reached skill level 5 in Hexes
 19491 | Lair:1   | Received a gift from Okawaru
 19491 | Lair:1   | Reached skill level 9 in Short Blades
 19491 | Lair:1   | Reached skill level 5 in Invocations
 19494 | Lair:1   | Got a pair of encrusted boots {god gift}
 19637 | Lair:1   | Identified the -1 pair of boots of the Planets {rPois
                  | Regen+ Str+3 Dex-2} (Okawaru gifted it to you on level 1 of
                  | the Lair of Beasts)
 19836 | Lair:1   | Identified the ring of Cozy {rPois rF- rN+ Str+3 Dex+3}
                  | (You found it on level 10 of the Dungeon)
 20110 | Lair:2   | Noticed a six-headed hydra
 20164 | Lair:2   | Killed a six-headed hydra
 20164 | Lair:2   | Reached skill level 13 in Fighting
 20343 | Lair:2   | Reached skill level 6 in Hexes
 20675 | Lair:2   | Reached skill level 6 in Invocations
 21324 | Lair:3   | Reached skill level 10 in Short Blades
 21367 | Lair:3   | Reached XP level 13. HP: 87/88 MP: 17/17
 21647 | Lair:3   | Found a hole to the Spider Nest.
 22015 | Lair:3   | Reached skill level 7 in Hexes
 22015 | Lair:3   | Reached skill level 7 in Invocations
 22025 | Lair:3   | HP: 15/88 [bog body (13)]
 22142 | Lair:3   | Noticed an eight-headed hydra
 22197 | Lair:3   | Killed an eight-headed hydra
 22458 | Lair:3   | Found a staircase to the Swamp.
 22913 | Lair:4   | Received a gift from Okawaru
 23105 | Lair:3   | Reached skill level 8 in Invocations
 23161 | Lair:4   | Received a gift from Okawaru
 23162 | Lair:4   | RKaid: !ac 9
 23162 | Lair:4   | beem: 2.44 armour skill per 1 AC for 9 base AC
 23280 | Lair:4   | Reached skill level 14 in Fighting
 23308 | Lair:4   | Reached skill level 8 in Hexes
 23545 | Lair:4   | Reached skill level 1 in Armour
 23625 | Lair:4   | Received a gift from Okawaru
 23628 | Lair:4   | Got a faintly glowing hand crossbow {god gift}
 23991 | Lair:5   | Noticed a five-headed hydra
 24008 | Lair:4   | HP: 22/90 [five-headed hydra (2)]
 24186 | Lair:4   | Killed a five-headed hydra
 24452 | Lair:4   | Reached skill level 2 in Armour
 25431 | Lair:6   | Entered Level 6 of the Lair of Beasts
 25518 | Lair:6   | Reached skill level 9 in Invocations
 25736 | Lair:5   | Reached skill level 3 in Armour
 25888 | Lair:6   | Reached XP level 14. HP: 59/96 MP: 19/21
 25890 | Lair:6   | HP: 24/96 [fire crab][a boggart] (19)]
 25896 | Lair:5   | HP: 24/96 [poisoned by a black mamba]
 26035 | Lair:6   | Received a gift from Okawaru
 26488 | Lair:5   | Received a gift from Okawaru
 26817 | Lair:6   | Reached skill level 4 in Armour
 27071 | Lair:6   | Received a gift from Okawaru
 27071 | Lair:6   | Reached skill level 10 in Invocations
 27173 | Lair:6   | Reached skill level 1 in Evocations
 27191 | Lair:6   | Reached skill level 1 in Translocations
 27249 | Lair:6   | Reached skill level 15 in Fighting
 27311 | Lair:6   | Reached skill level 2 in Evocations
 27324 | Lair:6   | Reached ****** piety under Okawaru
 27378 | Lair:6   | Reached skill level 2 in Translocations
 27417 | Lair:6   | Received a gift from Okawaru
 27428 | Lair:6   | Identified the +4 hand crossbow of Chain {freeze, Str+5
                  | Dex+4} (Okawaru gifted it to you on level 4 of the Lair of
                  | Beasts)
 27495 | Lair:6   | Got a smoking leather armour
 27557 | Lair:6   | Got an ichor-stained rapier
 27987 | Lair:6   | Reached skill level 3 in Evocations
 28001 | Lair:6   | Reached skill level 5 in Armour
 28511 | D:11     | Reached skill level 3 in Translocations
 28548 | D:11     | Noticed Urug
 28558 | D:11     | Killed Urug
 28697 | D:11     | Reached skill level 4 in Evocations
 29253 | D:12     | Found a staircase to the Orcish Mines.
 29273 | D:12     | Identified the +5 rapier "Fenetz" {freeze, Fragile rPois
                  | rN+++ Dex+4} (You found it on level 6 of the Lair of
                  | Beasts)
 29277 | D:12     | Found a shadowy altar of Dithmenos.
 29325 | D:12     | Reached skill level 4 in Translocations
 29479 | D:12     | Reached skill level 5 in Evocations
 29705 | D:12     | Received a gift from Okawaru
 30055 | Orc:1    | Entered Level 1 of the Orcish Mines
 30119 | Orc:1    | Reached XP level 15. HP: 83/103 MP: 14/22
 30291 | Orc:1    | Found a bloodstained altar of Trog.
 30567 | Orc:2    | Entered Level 2 of the Orcish Mines
 30634 | Orc:2    | Reached skill level 6 in Evocations
 30694 | Orc:2    | Reached skill level 5 in Translocations
 31021 | Orc:2    | Noticed an orc warlord
 31041 | Orc:1    | Killed an orc warlord
 31041 | Orc:1    | Received a gift from Okawaru
 31215 | Orc:2    | Found a staircase to the Elven Halls.
 31318 | Orc:2    | Reached skill level 16 in Fighting
 31387 | Orc:2    | Reached skill level 6 in Translocations
 31641 | Orc:2    | Found a roughly hewn altar of Beogh.
 31657 | Orc:2    | Found Toled's Antique Armour Shoppe.
 31683 | Orc:2    | Found Sota Zitt's Antique Weapon Shoppe.
 31703 | Orc:2    | Found Ukkaat's Jewellery Shoppe.
 31783 | Orc:2    | Found Feesined's General Store.
 31789 | Orc:2    | Bought a scroll of teleportation for 42 gold pieces
 31789 | Orc:2    | Bought a scroll of magic mapping for 49 gold pieces
 31789 | Orc:2    | Bought a potion of heal wounds for 70 gold pieces
 32542 | D:13     | Reached skill level 2 in Spellcasting
 33264 | D:14     | Reached skill level 3 in Spellcasting
 33282 | D:14     | Reached skill level 8 in Dodging
 33703 | D:13     | Upgraded the game from 0.23-a0-451-g1044d4cbad to
                  | 0.23-a0-456-gc514d67198
 34285 | D:14     | Identified the +6 leather armour of Pantheism {Str+4} (You
                  | found it on level 6 of the Lair of Beasts)
 34932 | D:14     | Reached skill level 4 in Spellcasting
 35760 | D:14     | Reached skill level 9 in Dodging
 35846 | D:13     | Reached skill level 17 in Fighting
 36002 | D:14     | Reached XP level 16. HP: 85/112 MP: 23/23
 36136 | D:14     | Received a gift from Okawaru
 36475 | D:14     | Found a gate to the Vaults.
 36672 | D:14     | Reached skill level 10 in Dodging
 36924 | D:15     | Entered Level 15 of the Dungeon
 36924 | D:15     | Noticed Azrael
 37006 | D:15     | Found a labyrinth entrance.
 37006 | D:15     | Noticed Louise
 37059 | D:14     | Killed Louise
 37355 | Lab      | Entered a Labyrinth
 37518 | Lab      | Gained mutation: Your flesh is heat resistant. (rF+)
                  | [potion of mutation]
 37518 | Lab      | Gained mutation: You expend magic power (3 MP) to
                  | strengthen your wands. [potion of mutation]
 37518 | Lab      | Gained mutation: You are resistant to hostile enchantments.
                  | (MR+) [potion of mutation]
 37649 | Lab      | Identified the Guide on Torrid Weightlessness
 37659 | Lab      | Identified the amulet "Tosuiroh" {Acrobat Dex+3} (You found
                  | it in a labyrinth)
 38332 | D:15     | Killed Azrael
 38332 | D:15     | Received a gift from Okawaru
 38332 | D:15     | Reached skill level 11 in Dodging
 38592 | D:15     | RKaid: @??rakshasa
 38592 | D:15     | beem: rakshasa (R)
                  | Spd:
    10 | HD: 11   | HP: 53-76
                  | AC/EV:
                  | 8/14
                  | Dam: 20
                  | demonic, weapons, items, doors, evil, see
                  | invisible
                  | Res: magic(140), poison, rot, neg+++, torm
                  | | Vul: holy
                  | XP: 991
                  | Sp: mystic blast (3d16) [!sil],
                  | phantom mirror [!sil], blink [!sil]
                  | Sz: Medium
                  | Int:
                  | human.
 39019 | D:15     | Found Zomuxeeg's Distillery.
 39022 | D:15     | Bought a potion of heal wounds for 50 gold pieces
 39022 | D:15     | Bought a potion of heal wounds for 50 gold pieces
 39022 | D:15     | Bought a potion of haste for 100 gold pieces
 39022 | D:15     | Bought a potion of haste for 100 gold pieces
 39026 | D:15     | Learned a level 1 spell: Summon Butterflies
 39030 | D:15     | Learned a level 3 spell: Tukima's Dance
 39035 | D:15     | Learned a level 4 spell: Olgreb's Toxic Radiance
 39038 | D:15     | Learned a level 2 spell: Poisonous Vapours
 39280 | D:15     | Found a staircase to the Depths.
 39351 | D:15     | Found a runed gate.
 39351 | D:15     | Found a runed gate.
 39351 | D:15     | Found a runed gate.
 39351 | D:15     | Noticed tidbits's ghost (journeyman FeTm)
 39591 | Swamp:1  | Entered Level 1 of the Swamp
 39636 | Swamp:1  | Reached skill level 1 in Air Magic
 39636 | Swamp:1  | Reached skill level 1 in Poison Magic
 39971 | Swamp:1  | Reached skill level 2 in Air Magic
 39971 | Swamp:1  | Reached skill level 2 in Poison Magic
 40423 | Swamp:1  | Reached skill level 18 in Fighting
 40423 | Swamp:1  | Reached skill level 3 in Poison Magic
 40444 | Swamp:1  | Reached skill level 3 in Air Magic
 40557 | Swamp:1  | Noticed Josephine
 40700 | Swamp:1  | HP: 28/114 [shambling mangrove (10)]
 41026 | Swamp:1  | Killed Josephine
 41787 | Swamp:2  | Reached skill level 4 in Poison Magic
 41808 | Swamp:1  | Reached skill level 4 in Air Magic
 42032 | Swamp:2  | Reached XP level 17. HP: 116/119 MP: 24/24
 42196 | Swamp:2  | Reached skill level 12 in Dodging
 42383 | Swamp:1  | Received a gift from Okawaru
 42605 | Swamp:2  | Reached skill level 5 in Poison Magic
 42722 | Swamp:2  | Received a gift from Okawaru
 43468 | Swamp:3  | Reached skill level 6 in Poison Magic
 43574 | Swamp:3  | Found a white marble altar of Elyvilon.
 44104 | Swamp:3  | Received a gift from Okawaru
 44248 | Swamp:3  | Found a runed door.
 44249 | Swamp:3  | Identified the +10 spear of Fear {pierce, MR+ Str+4}
 44251 | Swamp:3  | Noticed tmwh's ghost (adept GrEE)
 44543 | Swamp:4  | Entered Level 4 of the Swamp
 44576 | Swamp:4  | Noticed a thorn hunter
 44590 | Swamp:4  | Killed a thorn hunter
 44590 | Swamp:4  | Reached skill level 7 in Poison Magic
 45425 | Swamp:4  | Reached skill level 8 in Poison Magic
 45434 | Swamp:4  | Reached skill level 13 in Dodging
 45540 | Swamp:4  | Noticed a thorn hunter
 46028 | Swamp:4  | Noticed a thorn hunter
 46051 | Swamp:3  | Reached skill level 9 in Poison Magic
 46102 | Swamp:4  | Killed a thorn hunter
 46156 | Swamp:4  | Reached skill level 1 in Summonings
 46163 | Swamp:4  | Received a gift from Okawaru
 46163 | Swamp:4  | Reached XP level 18. HP: 101/127 MP: 15/25
 46166 | Swamp:4  | Got a bloodstained hand crossbow {god gift}
 46247 | Swamp:4  | Identified the +3 hand crossbow of Jyawuli {flame, rPois
                  | rN+ Str-2} (Okawaru gifted it to you on level 4 of the
                  | Swamp)
 46278 | Swamp:4  | Got a decaying rune of Zot
 46578 | Swamp:4  | Reached skill level 2 in Summonings
 47316 | Spider:1 | Entered Level 1 of the Spider Nest
 47580 | Spider:1 | Reached skill level 3 in Summonings
 47587 | Spider:1 | Reached skill level 19 in Fighting
 48054 | Spider:1 | Received a gift from Okawaru
 48356 | Spider:1 | Reached skill level 14 in Dodging
 48399 | Spider:1 | Received a gift from Okawaru
 48399 | Spider:1 | Reached skill level 4 in Summonings
 49050 | Spider:1 | Upgraded the game from 0.23-a0-456-gc514d67198 to
                  | 0.23-a0-483-g32a748b514
 49050 | Spider:1 | Octopork: !subscribe
 49050 | Spider:1 | beem: Subscribed. I will now watch all games of user
                  | Octopork
 49050 | Spider:1 | Upgraded the game from 0.23-a0-483-g32a748b514 to
                  | 0.23-a0-487-gc6253629db
 49886 | Spider:2 | Reached skill level 5 in Summonings
 51055 | Spider:3 | Reached skill level 6 in Summonings
 51056 | Spider:3 | RKaid: !ac 13
 51056 | Spider:3 | beem: 1.69 armour skill per 1 AC for 13 base AC
 51688 | Spider:3 | Reached skill level 15 in Dodging
 51903 | Spider:3 | Received a gift from Okawaru
 52000 | Spider:4 | Entered Level 4 of the Spider Nest
 52014 | Spider:4 | Reached XP level 19. HP: 113/134 MP: 22/26
 52558 | Spider:4 | Reached skill level 6 in Armour
 52884 | Spider:4 | Received a gift from Okawaru
 53550 | Spider:3 | RKaid: !ac 12
 53550 | Spider:3 | beem: 1.83 armour skill per 1 AC for 12 base AC
 53595 | Spider:3 | Reached skill level 20 in Fighting
 54273 | Spider:4 | Got a slimy short sword
 54274 | Spider:4 | Identified the cursed +1 short sword "Witisor" {drain,
                  | *Slow rElec rF+ MR++} (You found it on level 4 of the
                  | Spider Nest)
 54625 | Spider:4 | Got a gossamer rune of Zot
 54920 | Lair:6   | Found a staircase to the Slime Pits.
 55435 | Elf:1    | Entered Level 1 of the Elven Halls
 55724 | Elf:1    | Reached skill level 7 in Armour
 55829 | Elf:1    | Reached skill level 16 in Dodging
 55937 | Elf:1    | Upgraded the game from 0.23-a0-487-gc6253629db to
                  | 0.23-a0-489-g205b0b61ae
 55947 | Elf:1    | HP: 32/135 [deep elf mage/bolt of lightning (24)]
 56369 | Elf:1    | You fall through a shaft!
 56415 | Elf:2    | Found a runed gate.
 56415 | Elf:2    | Found a runed gate.
 56415 | Elf:2    | Found a runed gate.
 56776 | Elf:2    | Received a gift from Okawaru
 56794 | Elf:2    | Identified the +3 plate armour of the Cooper {Str+4 Int+10}
                  | (Okawaru gifted it to you on level 2 of the Elven Halls)
 57525 | Elf:1    | Reached XP level 20. HP: 142/142 MP: 18/27
 57907 | Elf:2    | Reached skill level 8 in Armour
 58410 | Elf:2    | Found Goid's Gadget Shop.
 58410 | Elf:2    | Found Kixkoudue's Jewellery Shoppe.
 58411 | Elf:2    | Found Qoudenk's Jewellery Shoppe.
 58424 | Elf:2    | Bought an uncursed ring of see invisible for 240 gold
                  | pieces
 59197 | Elf:2    | Reached skill level 17 in Dodging
 59268 | Elf:3    | Entered Level 3 of the Elven Halls
 59268 | Elf:3    | Noticed Saint Roka
 59578 | Elf:3    | Received a gift from Okawaru
 59950 | Elf:3    | Received a gift from Okawaru
 60495 | Elf:3    | Reached skill level 9 in Armour
 60616 | Elf:3    | Reached skill level 21 in Fighting
 62697 | Elf:3    | Killed Saint Roka
 63501 | Elf:3    | Noticed an Ice Fiend
 64061 | Elf:3    | Received a gift from Okawaru
 64061 | Elf:3    | Reached XP level 21. HP: 113/148 MP: 21/28
 64257 | Elf:3    | Upgraded the game from 0.23-a0-489-g205b0b61ae to
                  | 0.23-a0-494-g91793a9df2
 64613 | Elf:3    | Reached skill level 18 in Dodging
 64832 | Elf:3    | Identified the +8 long sword of Otoetom {speed, Dex+3}
 64838 | Elf:3    | Reached skill level 10 in Armour
 64963 | Elf:3    | Identified the +1 hand crossbow of the Scorpion {freeze,
                  | Int-2 Dex+8} (You found it on level 3 of the Elven Halls)
 65086 | Elf:3    | Learned a level 2 spell: Passwall
 65155 | Elf:3    | Reached skill level 1 in Transmutations
 65364 | Elf:3    | Identified the ring "Ciucsys" {+Fly Int+3 Stlth+}
 65364 | Elf:3    | Identified the +1 great mace of Bankruptcy {drain, Int+7}
 65445 | Elf:3    | Identified the +6 hand crossbow of Upamnont {elec, MR+
                  | Str+4} (You found it on level 3 of the Elven Halls)
 65462 | Elf:3    | Got a crude chain mail
 65463 | Elf:3    | Identified the +7 chain mail "Saozivo" {Int+5} (You found
                  | it on level 3 of the Elven Halls)
 65533 | Elf:3    | Identified the +1 plate armour "Eklon" {rF+ rC+ Slay+5}
                  | (You found it on level 3 of the Elven Halls)
 65560 | Elf:3    | Got a polished chain mail
 65593 | Elf:3    | Got a scorched scimitar
 65995 | Vaults:1 | Entered Level 1 of the Vaults
 66118 | D:14     | Reached skill level 2 in Transmutations
 66720 | Vaults:1 | Reached skill level 3 in Transmutations
 67261 | Elf:3    | Identified the +1 chain mail "Nuch" {*Corrode rPois Regen+
                  | Stlth+} (You found it on level 3 of the Elven Halls)
 68343 | Vaults:1 | Identified the ring "Luefinli" {+Fly MP-9 Int+9 Dex+8
                  | Stlth-}
 68655 | Orc:2    | Bought a runed shield for 232 gold pieces
 68692 | Orc:2    | Bought the ring of Lies {rCorr Str+3 Slay+2} for 625 gold
                  | pieces
 68704 | Orc:2    | Identified a scroll of acquirement
 68943 | Vaults:1 | Received a gift from Okawaru
 68960 | Vaults:1 | Reached skill level 4 in Transmutations
 69142 | Vaults:1 | Reached skill level 1 in Earth Magic
 69254 | Vaults:1 | Reached skill level 2 in Earth Magic
 69908 | Vaults:1 | Reached XP level 22. HP: 153/156 MP: 20/29
 70172 | Vaults:2 | Reached skill level 22 in Fighting
 70172 | Vaults:2 | Reached skill level 11 in Armour
 70571 | Vaults:2 | Reached skill level 19 in Dodging
 70720 | Vaults:2 | Found a shattered altar of Ashenzari.
 71052 | Vaults:2 | Found a staircase to the Crypt.
 71052 | Vaults:2 | Found a basalt altar of Yredelemnul.
 71053 | Vaults:2 | Found an ancient bone altar of Kikubaaqudgha.
 71516 | Vaults:2 | Received a gift from Okawaru
 71983 | Vaults:2 | Upgraded the game from 0.23-a0-494-g91793a9df2 to
                  | 0.23-a0-516-g0f8c2457b6
 72222 | Vaults:3 | Received a gift from Okawaru
 72422 | Vaults:3 | Received a gift from Okawaru
 73140 | Vaults:3 | Reached skill level 12 in Armour
 73573 | Vaults:3 | Identified the +5 dagger of the Ten Tables {venom, *Slow
                  | rElec rN++ Int+2} (You found it on level 3 of the Vaults)
 73637 | Vaults:3 | Noticed Frederick
 73657 | Vaults:3 | RKaid: @??frederick
 73657 | Vaults:3 | beem: Frederick (@)
                  | Spd:
    10 | HD: 21   | HP: 138-179
                  | | AC/EV: 10/7
                  | Dam: 27
                  | weapons, items, doors, spellcaster,
                  | see invisible
                  | Res: magic(140)
                  | XP:
  5229 | Sp: mystic | blast (3d25), b.cold (3d30), iron shot (3d36), spellforged
                  | servitor
                  | Sz: Medium
                  | Int: human.
 73660 | Vaults:3 | Killed Frederick
 73660 | Vaults:3 | Reached skill level 20 in Dodging
 73894 | Vaults:3 | Reached XP level 23. HP: 164/164 MP: 21/30
 73927 | Vaults:3 | Found Onuuguve's Antique Armour Emporium.
 75299 | Vaults:4 | Received a gift from Okawaru
 75446 | Vaults:4 | Received a gift from Okawaru
 75750 | Vaults:4 | Reached skill level 23 in Fighting
 76231 | Vaults:4 | HP: 36/164 [titan (34)]
 76758 | Vaults:4 | Reached skill level 13 in Armour
 77276 | Vaults:4 | Learned a level 1 spell: Apportation
 77278 | Vaults:4 | Learned a level 1 spell: Confusing Touch
 77284 | Vaults:4 | Learned a level 5 spell: Summon Mana Viper
 77557 | Vaults:4 | Reached skill level 21 in Dodging
 77593 | Vaults:4 | Received a gift from Okawaru
 78065 | Vaults:4 | Reached XP level 24. HP: 139/172 MP: 14/30
 78484 | D:15     | Learned a level 5 spell: Borgnjor's Vile Clutch
 78534 | Depths:1 | Entered Level 1 of the Depths
 78534 | Depths:1 | Found a one-way gate leading to the halls of Pandemonium.
 78648 | Depths:1 | Reached skill level 1 in Necromancy
 79486 | Depths:1 | Reached skill level 3 in Earth Magic
 79549 | Depths:1 | Reached skill level 2 in Necromancy
 79568 | Depths:1 | Received a gift from Okawaru
 79583 | Depths:1 | Identified the +1 plate armour of Nutue {rF+ Slay+2}
                  | (Okawaru gifted it to you on level 1 of the Depths)
 79940 | Depths:1 | Found a gateway to Hell.
 79967 | Depths:1 | Reached skill level 3 in Necromancy
 80277 | Depths:1 | You fall through a shaft!
 80284 | Depths:2 | You fall through a shaft!
 80288 | Depths:3 | Reached skill level 4 in Earth Magic
 80292 | Depths:3 | Noticed a juggernaut
 80349 | Depths:2 | HP: 39/172 [flayed ghost/flay_damage[a vampire mage] (20)]
 80756 | Depths:2 | Noticed a caustic shrike
 80770 | Depths:2 | Killed a caustic shrike
 80770 | Depths:2 | Reached skill level 4 in Necromancy
 80833 | Depths:2 | Reached skill level 5 in Earth Magic
 80878 | Depths:2 | Noticed a caustic shrike
 80878 | Depths:2 | Noticed a caustic shrike
 80902 | Depths:2 | Killed a caustic shrike
 80919 | Depths:2 | Killed a caustic shrike
 80921 | Depths:2 | Reached skill level 5 in Necromancy
 80954 | Depths:2 | HP: 31/172 [vampire knight/vampiric draining (30)]
 81458 | Depths:2 | Found a one-way gate to the infinite horrors of the Abyss.
 81565 | Depths:2 | Found a gateway to a ziggurat.
 81849 | Depths:2 | Noticed Nikola
 81870 | Depths:2 | Killed Nikola
 82013 | Depths:2 | Noticed a caustic shrike
 82023 | Depths:2 | Killed a caustic shrike
 82023 | Depths:2 | Reached skill level 6 in Earth Magic
 82056 | Depths:2 | Received a gift from Okawaru
 82167 | Depths:2 | Reached skill level 6 in Necromancy
 82211 | Depths:2 | Received a gift from Okawaru
 82280 | Depths:2 | Reached XP level 25. HP: 152/178 MP: 21/30
 82986 | Depths:3 | Noticed Margery
 83324 | Depths:2 | Reached skill level 7 in Earth Magic
 83617 | Depths:2 | Received a gift from Okawaru
 84107 | Depths:3 | DarthKuruptios: YO
 84117 | Depths:2 | DarthKuruptios: I havnt played this game in years
 84130 | Depths:2 | RKaid: hi
 84130 | Depths:2 | DarthKuruptios: Has anything changed
 84279 | Depths:2 | RKaid: yes, a lot
 84283 | Depths:2 | DarthKuruptios: Like?
 84283 | Depths:2 | DarthKuruptios: I stoped when circus came out
 84283 | Depths:2 | RKaid: I don't know when that was, but a new version of
                  | dcss usually is released twice a year. look at the wiki for
                  | changes in each version
 84506 | Depths:3 | Reached skill level 7 in Necromancy
 84528 | Depths:3 | Killed Margery
 85384 | Depths:2 | Killed a juggernaut
 85384 | Depths:2 | Reached skill level 7 in Summonings
 85858 | Depths:3 | Reached skill level 8 in Earth Magic
 85987 | Depths:3 | Reached skill level 9 in Hexes
 86141 | Depths:3 | Reached skill level 8 in Necromancy
 86253 | Depths:3 | Identified the -1 helmet "Eqigeps" {rC+ Dex+3} (You
                  | acquired it on level 3 of the Depths)
 86758 | Depths:3 | Reached skill level 8 in Summonings
 86855 | Depths:3 | Noticed a juggernaut
 87399 | Depths:3 | Killed a juggernaut
 88106 | Depths:4 | Reached skill level 9 in Summonings
 88138 | Depths:4 | Received a gift from Okawaru
 88152 | Depths:4 | Reached skill level 10 in Hexes
 88289 | Depths:4 | Received a gift from Okawaru
 88471 | Depths:4 | Reached skill level 10 in Summonings
 88736 | Depths:4 | You fall through a shaft!
 88736 | Depths:5 | Entered Level 5 of the Depths
 89212 | Depths:4 | Reached XP level 26. HP: 161/184 MP: 21/30
 89471 | Depths:5 | Reached skill level 9 in Necromancy
 89694 | Depths:5 | Reached skill level 9 in Earth Magic
 91156 | Depths:5 | Noticed a caustic shrike
 91175 | Depths:5 | Killed a caustic shrike
 91215 | Depths:5 | Noticed a caustic shrike
 91234 | Depths:5 | Killed a caustic shrike
 91376 | Depths:5 | Received a gift from Okawaru
 91470 | Depths:5 | Noticed a caustic shrike
 91499 | Depths:5 | Killed a caustic shrike
 91499 | Depths:5 | Reached skill level 10 in Necromancy
 91499 | Depths:5 | Reached skill level 10 in Earth Magic
 91907 | Depths:5 | Received a gift from Okawaru
 91911 | Depths:5 | Got translucent steam dragon scales {god gift, rSteam}
 91912 | Depths:5 | Identified the +1 steam dragon scales of Noudiere {rF+ rC+
                  | Stlth-, rSteam} (Okawaru gifted it to you on level 5 of the
                  | Depths)
 92507 | Depths:5 | Noticed an ancient lich
 92537 | Depths:5 | Killed an ancient lich
 92693 | Depths:5 | Identified the Tome of Cloudy Transmigration
 93071 | Depths:5 | Found a gate to the Realm of Zot.
 93120 | Depths:5 | Reached skill level 11 in Hexes
 93120 | Depths:5 | Reached skill level 11 in Summonings
 94264 | Slime:1  | Entered Level 1 of the Pits of Slime
 95384 | Slime:4  | Reached skill level 14 in Armour
 95726 | Slime:3  | Gained mutation: You are occasionally teleported next to
                  | monsters. [a shining eye]
 96106 | D:14     | Lost mutation: Your flesh is heat resistant. (rF+) [potion
                  | of mutation]
 96106 | D:14     | Lost mutation: You expend magic power (3 MP) to strengthen
                  | your wands. [potion of mutation]
 96106 | D:14     | Lost mutation: You are occasionally teleported next to
                  | monsters. [potion of mutation]
 96106 | D:14     | Lost mutation: You are resistant to hostile enchantments.
                  | (MR+) [potion of mutation]
 96106 | D:14     | Gained mutation: You are somewhat resistant to further
                  | mutation. [potion of mutation]
 96106 | D:14     | Gained mutation: Your natural rate of healing is unusually
                  | fast. [potion of mutation]
 97000 | Slime:5  | Entered Level 5 of the Pits of Slime
 97007 | Slime:5  | Reached skill level 24 in Fighting
 97563 | Spider:1 | Learned a level 4 spell: Passage of Golubria
 97796 | Slime:5  | Noticed the Royal Jelly
 97853 | Slime:5  | Killed the Royal Jelly
 97853 | Slime:5  | Reached skill level 22 in Dodging
 97853 | Slime:5  | Reached XP level 27. HP: 118/190 MP: 18/30
 98090 | Slime:5  | Received a gift from Okawaru
 98094 | Slime:5  | Identified the +2 buckler "Liuwkillo" {rElec rF- rN+}
                  | (Okawaru gifted it to you on level 5 of the Pits of Slime)
 98809 | Slime:5  | Got a warped plate armour
 98850 | Slime:5  | Got a jewelled flail
 98881 | Slime:5  | Got a heavily runed brass ring
 98884 | Slime:5  | Identified the ring "Vumn" {rF++ Int+5} (You found it on
                  | level 5 of the Pits of Slime)
 98896 | Slime:5  | Got a blackened hunting sling
 98897 | Slime:5  | Identified the +8 hunting sling of Slow Death {venom, Int+4
                  | Stlth-} (You found it on level 5 of the Pits of Slime)
 98910 | Slime:5  | Got a faintly glowing platinum ring
 98911 | Slime:5  | Identified the ring "Etyb" {Fire rElec rPois Dex-3} (You
                  | found it on level 5 of the Pits of Slime)
 99117 | Slime:5  | Got a slimy rune of Zot
 99118 | Slime:5  | Identified the Volume of Supportive Lightness
 99124 | Slime:5  | Identified Sif Muna's Volume of the Mountains
 99138 | Slime:5  | Identified the +2 plate armour "Toohown" {+Fly MR+} (You
                  | found it on level 5 of the Pits of Slime)
100067 | Zot:1    | Entered Level 1 of the Realm of Zot
100320 | Depths:5 | Found a gate to the Realm of Zot.
100672 | Depths:5 | Upgraded the game from 0.23-a0-516-g0f8c2457b6 to
                  | 0.23-a0-550-g7de1f8ee9f
101702 | Zot:1    | Reached skill level 12 in Summonings
101761 | Zot:1    | Reached skill level 12 in Hexes
102185 | Zot:1    | Found a runed gate.
102185 | Zot:1    | Found a runed gate.
102185 | Zot:1    | Found a runed gate.
102185 | Zot:1    | Noticed Faosin's ghost (adept DDFi)
102185 | Zot:1    | Noticed Kipell's ghost (legendary SpEn)
102185 | Zot:1    | Noticed Dimuomoa's ghost (veteran MiBe)
102185 | Zot:1    | Noticed Siennil's ghost (legendary MfGl)
102185 | Zot:1    | Noticed Qohiqu's ghost (veteran SpEn)
102617 | Crypt:1  | Entered Level 1 of the Crypt
102905 | Crypt:1  | Received a gift from Okawaru
103888 | Crypt:2  | Reached skill level 11 in Necromancy
103893 | Crypt:2  | Reached skill level 11 in Earth Magic
104207 | Crypt:2  | Paralysed by a vampire knight for 7 turns
104213 | Crypt:2  | HP: 48/192 [vampire knight/+0 halberd (11)]
104385 | Crypt:2  | Received a gift from Okawaru
104612 | Crypt:2  | Identified the +1 ring mail "Joatiw" {Stlth+}
104655 | Crypt:2  | Received a gift from Okawaru
104677 | Crypt:2  | Identified a +1 pair of boots of running (Okawaru gifted it
                  | to you on level 2 of the Crypt)
105742 | Crypt:3  | Entered Level 3 of the Crypt
106016 | Crypt:3  | Noticed Khufu
106657 | D:15     | Bought a potion of might for 40 gold pieces
106657 | D:15     | Bought a potion of cancellation for 80 gold pieces
106657 | D:15     | Bought a potion of brilliance for 40 gold pieces
106908 | Zot:2    | Reached skill level 12 in Necromancy
106926 | Zot:1    | Reached skill level 12 in Earth Magic
107244 | Zot:2    | Reached skill level 25 in Fighting
108191 | Zot:2    | Noticed an orb of fire
109125 | Zot:2    | Killed an orb of fire
110553 | Zot:2    | Reached skill level 15 in Armour
110977 | Zot:2    | Received a gift from Okawaru
111984 | Zot:3    | Found a runed door.
111985 | Zot:3    | Noticed Ugofegei's ghost (veteran MiBe)
112242 | Zot:3    | Reached skill level 23 in Dodging
113782 | Zot:3    | Got a slimy plate armour
113783 | Zot:3    | Identified the +6 plate armour "Corrarih" {rElec Str+3
                  | Int+4 Stlth+} (You found it on level 3 of the Realm of Zot)
113805 | Zot:3    | Identified A Primer on Witchery
115172 | Zot:4    | Received a gift from Okawaru
115231 | Zot:4    | Got a slimy cloak {god gift}
115232 | Zot:4    | Identified the +2 cloak "Yluq" {rN+ Dex+4} (Okawaru gifted
                  | it to you on level 4 of the Realm of Zot)
115387 | Zot:4    | Got a translucent scale mail
115947 | Vaults:3 | Bought faintly humming swamp dragon scales for 1705 gold
                  | pieces
115947 | Vaults:3 | Identified the +2 swamp dragon scales of Waq Vaca {rPois
                  | Stlth+, rPois} (You bought it in a shop on level 3 of the
                  | Vaults)
116975 | Zot:4    | Reached skill level 26 in Fighting
117680 | Zot:5    | Entered Level 5 of the Realm of Zot
117767 | Zot:4    | HP: 49/196 [poisoned by a golden dragon (poison gas)]
117773 | Zot:4    | HP: 49/196 [poisoned by a golden dragon (poison gas)]
118125 | Zot:5    | Reached skill level 16 in Armour
118784 | Zot:4    | HP: 46/195 [poisoned by a death drake (dark miasma)]
118789 | Zot:4    | HP: 31/195 [poisoned by a death drake (dark miasma)]
118794 | Zot:4    | HP: 25/195 [poisoned by a death drake (dark miasma)]
118799 | Zot:4    | HP: 23/195 [poisoned by a death drake (dark miasma)]
118805 | Zot:4    | HP: 23/195 [poisoned by a death drake (dark miasma)]
118811 | Zot:4    | HP: 23/195 [poisoned by a death drake (dark miasma)]
118816 | Zot:4    | HP: 26/195 [poisoned by a death drake (dark miasma)]
118823 | Zot:4    | HP: 29/195 [poisoned by a death drake (dark miasma)]
118831 | Zot:4    | HP: 34/195 [poisoned by a death drake (dark miasma)]
119038 | Zot:4    | Reached skill level 24 in Dodging
119141 | Zot:5    | Received a gift from Okawaru
119498 | Zot:5    | Noticed an orb of fire
119506 | Zot:5    | Gained mutation: Your magical capacity is low. (-10% MP)
                  | [an orb of fire]
119511 | Zot:5    | Gained mutation: Your muscles are strong. (Str +2) [an orb
                  | of fire]
120642 | Zot:5    | Lost mutation: Your natural rate of healing is unusually
                  | fast. [an orb of fire]
120652 | Zot:5    | Gained mutation: Your magical capacity is very low. (-20%
                  | MP) [an orb of fire]
120655 | Zot:5    | Gained mutation: You are clumsy. (Dex -2) [an orb of fire]
120656 | Zot:5    | Killed an orb of fire
120805 | Zot:5    | Noticed an orb of fire
120838 | Zot:5    | Gained mutation: You tend to lose your temper in combat.
                  | [an orb of fire]
120851 | Zot:5    | Killed an orb of fire
121078 | Zot:4    | Lost mutation: Your magical capacity is very low. (-20% MP)
                  | [potion of mutation]
121078 | Zot:4    | Lost mutation: You tend to lose your temper in combat.
                  | [potion of mutation]
121078 | Zot:4    | Lost mutation: You are clumsy. (Dex -2) [potion of
                  | mutation]
121078 | Zot:4    | Gained mutation: You are dopey. (Int -2) [potion of
                  | mutation]
121078 | Zot:4    | Gained mutation: You tend to lose your temper in combat.
                  | [potion of mutation]
121079 | Zot:4    | Lost mutation: You are somewhat resistant to further
                  | mutation. [potion of mutation]
121079 | Zot:4    | Lost mutation: You tend to lose your temper in combat.
                  | [potion of mutation]
121079 | Zot:4    | Lost mutation: You are dopey. (Int -2) [potion of mutation]
121079 | Zot:4    | Gained mutation: Your magical capacity is very low. (-20%
                  | MP) [potion of mutation]
121079 | Zot:4    | Gained mutation: You are clumsy. (Dex -2) [potion of
                  | mutation]
121079 | Zot:4    | Gained mutation: You are partially covered in yellow
                  | scales. (AC +2) [potion of mutation]
121125 | Zot:5    | Received a gift from Okawaru
121152 | Zot:5    | Noticed an orb of fire
121169 | Zot:5    | Gained mutation: You are frail. (-10% HP) [an orb of fire]
121183 | Zot:5    | HP: 42/175 [orb of fire/fireball (17)]
121185 | Zot:5    | HP: 20/175 [orb of fire/fireball (10)]
121190 | Zot:4    | HP: 16/175 [poisoned by something (poison gas)]
121196 | Zot:4    | HP: 15/175 [poisoned by something (poison gas)]
121203 | Zot:4    | HP: 14/175 [poisoned by something (poison gas)]
121210 | Zot:4    | HP: 15/175 [poisoned by something (poison gas)]
121218 | Zot:4    | HP: 16/175 [poisoned by something (poison gas)]
121625 | Zot:4    | Lost mutation: You are clumsy. (Dex -2) [potion of
                  | mutation]
121625 | Zot:4    | Lost mutation: You are partially covered in yellow scales.
                  | (AC +2) [potion of mutation]
121625 | Zot:4    | Gained mutation: You do not regenerate when monsters are
                  | visible. [potion of mutation]
121625 | Zot:4    | Gained mutation: You have a pair of small horns on your
                  | head. [potion of mutation]
121626 | Zot:4    | Lost mutation: Your muscles are strong. (Str +2) [potion of
                  | mutation]
121626 | Zot:4    | Lost mutation: You have a pair of small horns on your head.
                  | [potion of mutation]
121626 | Zot:4    | Gained mutation: Armour fits poorly on your strangely
                  | shaped body. [potion of mutation]
121626 | Zot:4    | Gained mutation: You have sharp fingernails. [potion of
                  | mutation]
121632 | Zot:4    | Lost mutation: Your magical capacity is very low. (-20% MP)
                  | [potion of mutation]
121632 | Zot:4    | Lost mutation: You are frail. (-10% HP) [potion of
                  | mutation]
121632 | Zot:4    | Gained mutation: You are clumsy. (Dex -2) [potion of
                  | mutation]
121632 | Zot:4    | Gained mutation: You have supernaturally acute eyesight.
                  | (SInv) [potion of mutation]
121632 | Zot:4    | Gained mutation: You are resistant to hostile enchantments.
                  | (MR+) [potion of mutation]
121632 | Zot:4    | Gained mutation: Your spells are a little harder to cast,
                  | but a little more powerful. [potion of mutation]
122088 | Crypt:1  | Lost mutation: Your spells are a little harder to cast, but
                  | a little more powerful. [potion of mutation]
122088 | Crypt:1  | Lost mutation: You are clumsy. (Dex -2) [potion of
                  | mutation]
122088 | Crypt:1  | Gained mutation: You are somewhat resistant to further
                  | mutation. [potion of mutation]
122089 | Crypt:1  | Lost mutation: You do not regenerate when monsters are
                  | visible. [potion of mutation]
122089 | Crypt:1  | Lost mutation: You are resistant to hostile enchantments.
                  | (MR+) [potion of mutation]
122089 | Crypt:1  | Lost mutation: Armour fits poorly on your strangely shaped
                  | body. [potion of mutation]
123888 | Zot:5    | Gained mutation: You are dopey. (Int -2) [an orb of fire]
123892 | Zot:5    | Killed an orb of fire
124586 | Zot:5    | Reached skill level 5 in Spellcasting
124847 | Zot:5    | Received a gift from Okawaru
124999 | Zot:5    | Reached skill level 6 in Spellcasting
125062 | Zot:5    | Noticed an orb of fire
125070 | Zot:5    | Noticed an ancient lich
125074 | Zot:5    | Noticed an orb of fire
125573 | Zot:5    | Noticed an ancient lich
125587 | Zot:5    | Killed an ancient lich
125889 | Zot:5    | Gained mutation: You tend to lose your temper in combat.
                  | [an orb of fire]
125890 | Zot:5    | Killed an orb of fire
125890 | Zot:5    | Reached skill level 17 in Armour
125910 | Zot:5    | Gained mutation: Your magical capacity is very low. (-20%
                  | MP) [an orb of fire]
126190 | Zot:5    | Lost mutation: You have supernaturally acute eyesight.
                  | (SInv) [an orb of fire]
126195 | Zot:5    | Killed an orb of fire
126210 | Zot:5    | Reached skill level 7 in Spellcasting
126301 | Zot:5    | Was placed under penance by Okawaru
126360 | Zot:5    | Killed an ancient lich
126360 | Zot:5    | Reached skill level 25 in Dodging
127484 | Crypt:3  | Found the +8 longbow "Zephyr" {speed, Dex+3 SInv}
127493 | Crypt:3  | Was forgiven by Okawaru
127747 | Crypt:3  | Reached skill level 27 in Fighting
127941 | Crypt:3  | Noticed Jory
128884 | Zot:5    | Received a gift from Okawaru
128957 | Zot:5    | Reached skill level 8 in Spellcasting
129315 | Zot:5    | Noticed an orb of fire
129337 | Zot:5    | Gained mutation: You often lose your temper in combat. [an
                  | orb of fire]
129345 | Zot:5    | Gained mutation: Armour fits poorly on your strangely
                  | shaped body. [an orb of fire]
129347 | Zot:5    | Gained mutation: You are occasionally teleported next to
                  | monsters. [an orb of fire]
129785 | Zot:5    | Gained mutation: You are frail. (-10% HP) [an orb of fire]
129795 | Zot:5    | Gained mutation: Scrolls take you a little longer to read.
                  | [an orb of fire]
129805 | Zot:5    | Gained mutation: You are clumsy. (Dex -2) [an orb of fire]
129812 | Zot:5    | Killed an orb of fire
130049 | Zot:5    | Got the Orb of Zot
130206 | Zot:1    | Noticed Wolasewo the pandemonium lord
130419 | Depths:2 | Gained mutation: You are weak. (Str -2) [a cacodemon]
130461 | Depths:2 | HP: 38/179 [??? (35)]
130695 | D:13     | Reached skill level 9 in Spellcasting
130946 | D:8      | Noticed a seraph
131305 | D:$      | Escaped with the Orb!

Vault maps used:
D:1:      dpeg_arrival_ternary
D:2:      gammafunk_temple_overflow_claw, chequers_ecumenical_altar_lobes,
          first_ration, fedhas_altar_4, uniq_terence
D:3:      uniq_crazy_yiuf_cottage, uniq_sigmund
D:4:      minmay_temple_entry_crystal_x, nicolae_ossuary_entry_catacombs,
          serial_park_tiny_1
D:5:      kennysheep_mini_moat, gup_sewer_entry_pipe, kennysheep_generic_room_8,
          uniq_edmund
D:6:      kennysheep_orc_sif_temple
D:7:      cheibrodos_steamvent, grunt_ogre_cave
D:8:      cheibrodos_wizards_tower
D:9:      lemuel_crystal_altar, kiku_gazebo_pond_becter, minmay_misc_feat_iff,
          chequers_serial_rivers_small_3
D:10:     lair_entry_dummy
D:11:     chequers_serial_rivers_large_a, uniq_urug
D:12:     basic_altar
D:14:     regret_index_harrowing_hell_hive, erik_vaults_1,
          hangedman_decor_points
D:15:     gammafunk_enter_depths_forms, gammafunk_ghost_spectres,
          lab_entry_generic, minmay_misc_feat_doors, serial_shops,
          nicolae_shop_window_shopping, uniq_azrael, uniq_louise
Lair:1:   infiniplex_staircase_pool
Lair:2:   wad_woods_river_01, serial_bayou_shore_a, minmay_lair_oklob_chamber
Lair:3:   nicolae_swamp_entry_splash_gauntlet, spider_nest_entry_webs
Lair:6:   minmay_lair_end_enchanted_forest, minmay_slime_entry_oklob_enclosed,
          nicolae_lair_grove_arrangements
Swamp:1:  hangedman_swamp_pad, uniq_josephine
Swamp:2:  evilmike_swamp_ruin_house_2
Swamp:3:  ebering_ghost_funeral_grove, basic_altar
Swamp:4:  swamp
Spider:1: spider_trap, hangedman_spider_mandibles, guppyfry_hornet_nest
Spider:2: hangedman_spider_tarantella_strand
Spider:3: spiders_nest_the_unseen, nicolae_spider_cling_ruins
Spider:4: grunt_spider_rune_circles
Slime:1:  cheibrodos_slime_lost_civilization_5
Slime:4:  cheibrodos_slime_lost_civilization_4
Orc:1:    basic_altar
Orc:2:    grunt_orc_cross
Elf:1:    hangedman_elf_represent
Elf:2:    minmay_shop_grove
Elf:3:    minmay_elf_hall, uniq_saint_roka
Vaults:1: nicolae_vaults_little_squares_1, vaults_room_hangedman_quadrants,
          v_pattern_3, hangedman_vaults_river_flow, v_misc_30,
          vaults_room_grunt_arrival_ludios, grunt_vaults_funnel,
          grunt_vaults_bifocal, hangedman_vaults_stretched_pinwheel,
          nicolae_vaults_little_ls, vaults_room_pool, ontoclasm_vaults_chip,
          nicolae_vaults_asterisk
Vaults:2: minmay_crypt_entry_necro_gods, nicolae_vaults_know_your_exits,
          ontoclasm_vaults_ligature, nicolae_vaults_network_barrier,
          nicolae_vaults_border_crossing, vaults_room_door_ring,
          nicolae_vaults_big_angled_halls, v_rooms_5, vaults_room_hallway,
          vaults_mumra_lcd, ontoclasm_vaults_decontamination,
          nicolae_vaults_little_squares_3, hangedman_vaults_stretched_pinwheel,
          basic_altar
Vaults:3: nicolae_vaults_disjoint_gnomons, nicolae_vaults_rhombus_6, v_rooms_4,
          v_misc_31, v_misc_28, ontoclasm_vaults_hangar, v_misc_4, v_misc_23,
          v_misc_3, st_more_cells, vaults_dpeg_encased_lava, serial_shops,
          shop_fountains, uniq_frederick
Vaults:4: st_greater_box_2, nicolae_vaults_theta, v_misc_26, v_misc_29,
          ontoclasm_vaults_twist, v_misc_18, v_misc_9,
          nicolae_vaults_little_squares_1, v_misc_26, vaults_room_fours
Crypt:2:  grunt_megastairs_4, uniq_margery
Crypt:3:  evilmike_haunted_forest, uniq_jory, uniq_khufu
Depths:1: hellmouth_1, pan_entry, serial_co_window_serial, co_window_paths_b,
          co_window_corner_a, co_window_corner_a, co_window_paths_b,
          co_window_corner_a, co_window_cross_1, co_window_of_opportunity_a,
          co_window_paths_a, co_window_corner_a, co_window_paths_c,
          co_window_2corner, co_window_of_opportunity_b, co_window_broadway_c,
          co_window_2corner, glass_columns_a, glass_columns_a, glass_columns_a,
          kennysheep_another_room
Depths:2: grunt_deathspiral_large, enter_ziggurat_c, hell_entry, abyss_entry,
          uniq_nikola
Depths:3: evilmike_diamond_2, serial_shops, bzr_entry_road, grunt_metal_band,
          pan_entry, roderic_lattice_a, infiniplex_staircase_pool_2
Depths:4: mu_elemental_laboratory, hell_entry,
          nicolae_abyss_entry_one_way_or_another, kennysheep_path_1
Depths:5: evilmike_zot_entry_argh, minmay_crystal_room, hell_entry,
          minmay_librarian
Zot:1:    gammafunk_ghost_cemetery
Zot:2:    grunt_megastairs_5
Zot:3:    grunt_zot_stairs_faceoff, gammafunk_ghost_grave, bh_zot_ikea_curve
Abyss:3:  lemuel_flamethrower_2, grunt_abyss_rune_forest_and_sorcery
Lab:      labyrinth_spiral, nicolae_lab_very_dead_end, nicolae_lab_big_swirl,
          nicolae_lab_grate_2, nicolae_lab_t_cross, labyrinth_skeletal_remains
Sewer:    sewer_frog_island_01
Ossuary:  ossuary_zaba_two_paths

Skill      XL: |  1  2  3  4  5  6  7  8  9 10 11 12 13 14 15 16 17 18 19 20 21 22 23 24 25 26 27 |
---------------+----------------------------------------------------------------------------------+-----
Crossbows      | 3 5 6 8 10 | 10.0
Dodging        | 3 5 7 9 11 13 15 16 17 18 20 21 22 25 | 25.4
Fighting       | 2 3 4 7 11 12 13 14 15 17 18 19 20 21 22 23 24 27 | 27.0
Shields        | 2 3 4 5 |  5.5
Invocations    | 1 2 3 6 9 10 | 10.0
Short Blades   | 4 7 10 | 10.0
Hexes          | 4 6 8 10 11 12 | 12.0
Armour         | 3 5 7 9 10 12 13 14 17 | 17.5
Evocations     | 5 6 |  6.0
Translocations | 4 6 |  6.0
Spellcasting   | 4 9 |  9.2
Air Magic      | 4 |  4.0
Poison Magic   | 4 9 |  9.0
Summonings     | 1 6 10 11 12 | 12.0
Transmutations | 4 |  4.0
Earth Magic    | 2 6 8 10 12 | 12.0
Necromancy     | 6 8 10 12 | 12.0

Action                   |  1- 3 |  4- 6 |  7- 9 | 10-12 | 13-15 | 16-18 | 19-21 | 22-24 | 25-27 || total
-------------------------+-------+-------+-------+-------+-------+-------+-------+-------+-------++-------
Melee: Whip              |    38 |    78 |   750 |    99 |       |       |       |       |       ||   965
       Short sword       |    16 |   116 |       |       |       |       |       |       |       ||   132
       Spear             |       |    17 |       |       |       |       |       |       |       ||    17
       Dagger            |       |       |       |   541 |   868 |       |       |       |       ||  1409
       Quick blade       |       |       |       |       |   606 |  1583 |  1389 |  1347 |  1855 ||  6780
       Hand crossbow     |       |       |       |       |       |       |     1 |       |     1 ||     2
 Fire: Hand crossbow     |    68 |    35 |    45 |   283 |   616 |   425 |   685 |   753 |  3384 ||  6294
       Hunting sling     |       |       |    14 |    15 |       |       |       |       |       ||    29
Throw: Stone             |       |     1 |     3 |       |       |       |       |       |       ||     4
       Throwing net      |       |       |       |     2 |       |       |       |       |     2 ||     4
 Cast: Corona            |     1 |       |       |       |       |       |       |       |       ||     1
       Slow              |       |       |       |     3 |     3 |       |       |       |       ||     6
       Cause Fear        |       |       |       |       |     5 |     1 |       |     1 |       ||     7
       Portal Projectile |       |       |       |       |     9 |     3 |    24 |     8 |    22 ||    66
       Olgreb's Toxic Ra |       |       |       |       |       |    23 |    37 |    43 |    21 ||   124
       Poisonous Vapours |       |       |       |       |       |    23 |    17 |     1 |     1 ||    42
       Tukima's Dance    |       |       |       |       |       |       |     2 |       |     2 ||     4
       Summon Butterflie |       |       |       |       |       |       |       |     1 |     4 ||     5
       Apportation       |       |       |       |       |       |       |       |       |     8 ||     8
       Passage of Golubr |       |       |       |       |       |       |       |       |     7 ||     7
       Summon Mana Viper |       |       |       |       |       |       |       |       |    48 ||    48
       Borgnjor's Vile C |       |       |       |       |       |       |       |       |    74 ||    74
       Passwall          |       |       |       |       |       |       |       |       |     2 ||     2
Invok: Heroism           |       |       |     1 |     5 |     2 |     6 |    11 |    10 |    23 ||    58
       Finesse           |       |       |       |       |     2 |     6 |    11 |    11 |     8 ||    38
 Abil: Cancel Portal Pro |       |       |       |       |       |       |       |       |     1 ||     1
Evoke: Wand              |       |       |       |     6 |     5 |     6 |    22 |    18 |    27 ||    84
       Box of beasts     |       |       |       |       |       |       |     1 |       |     3 ||     4
       Phial of floods   |       |       |       |       |       |       |     1 |       |       ||     1
       Phantom mirror    |       |       |       |       |       |       |       |       |     2 ||     2
       Lightning rod     |       |       |       |       |       |       |       |       |     4 ||     4
  Use: Scroll            |       |    10 |     6 |    24 |    11 |    10 |    15 |    27 |    31 ||   134
       Potion            |       |       |       |     7 |     1 |     2 |     1 |     9 |    41 ||    61
 Stab: Petrified         |       |       |       |       |       |     3 |       |       |       ||     3
       Confused          |       |       |       |       |       |     2 |       |       |       ||     2
  Eat: Chunk             |    11 |     8 |    20 |    40 |    48 |    57 |    60 |    47 |   126 ||   417
       Ration            |       |       |       |       |       |       |     2 |       |    29 ||    31
Armor: Robe              |     8 |     6 |       |       |       |       |       |       |       ||    14
       Ring mail         |       |    38 |   165 |   150 |   290 |       |       |       |       ||   643
       Leather armour    |       |       |       |       |    13 |    36 |       |       |       ||    49
       Quicksilver drago |       |       |       |       |       |   283 |   226 |    74 |    53 ||   636
       Storm dragon scal |       |       |       |       |       |       |       |   119 |   760 ||   879
Dodge: Dodged            |    54 |   120 |   325 |   295 |   756 |   955 |   752 |   770 |  2473 ||  6500
Block: Buckler           |     2 |    49 |   339 |   274 |   342 |   556 |   471 |   685 |  1966 ||  4684
       Reflection        |       |       |     2 |     6 |    10 |    14 |    40 |    84 |    76 ||   232

Table legend:
 A = Non-vault XP
 B = Vault XP
 C = Vault XP percentage of total XP
 D = Non-vault monster count
 E = Vault monster count
 F = Vault count percentage of total count
                 A         B        C        D         E       F
            +---------+---------+-------+---------+---------+-------
      Total |  964021 |  683218 |  41.5 |    1734 |     740 |  29.9
            +---------+---------+-------+---------+---------+-------
        D:1 |      54 |       0 |   0.0 |      29 |       0 |   0.0
        D:2 |     143 |      38 |  21.0 |      12 |       1 |   7.7
        D:3 |      53 |     270 |  83.6 |      19 |       2 |   9.5
        D:4 |     367 |     348 |  48.7 |      18 |       7 |  28.0
        D:5 |     879 |     152 |  14.7 |      27 |       7 |  20.6
        D:6 |     694 |     246 |  26.2 |      12 |       4 |  25.0
        D:7 |    2295 |     654 |  22.2 |      43 |       4 |   8.5
        D:8 |    1828 |     685 |  27.3 |      25 |       1 |   3.8
        D:9 |    1625 |       0 |   0.0 |      14 |       0 |   0.0
       D:10 |    4334 |       0 |   0.0 |      28 |       0 |   0.0
       D:11 |    4711 |     882 |  15.8 |      29 |       1 |   3.3
       D:12 |    6746 |       0 |   0.0 |      33 |       0 |   0.0
       D:13 |    6905 |     181 |   2.6 |      20 |       3 |  13.0
       D:14 |   14448 |   16929 |  54.0 |      50 |      47 |  48.5
       D:15 |    6646 |    6028 |  47.6 |      20 |      13 |  39.4
     Lair:1 |    3956 |       0 |   0.0 |      16 |       0 |   0.0
     Lair:2 |    3924 |     877 |  18.3 |      18 |       4 |  18.2
     Lair:3 |    4424 |    1516 |  25.5 |      17 |       8 |  32.0
     Lair:4 |    8827 |       0 |   0.0 |      35 |       0 |   0.0
     Lair:5 |    3310 |    2375 |  41.8 |      18 |      15 |  45.5
     Lair:6 |   13134 |    8689 |  39.8 |      40 |      37 |  48.1
    Swamp:1 |   19982 |    1730 |   8.0 |      36 |       4 |  10.0
    Swamp:2 |    9819 |       0 |   0.0 |      35 |       0 |   0.0
    Swamp:3 |   13062 |    1026 |   7.3 |      33 |       1 |   2.9
    Swamp:4 |   16868 |   19458 |  53.6 |      26 |      24 |  48.0
   Spider:1 |   19912 |    1134 |   5.4 |      57 |       4 |   6.6
   Spider:2 |   14650 |     219 |   1.5 |      28 |       1 |   3.4
   Spider:3 |   15644 |    5225 |  25.0 |      46 |       4 |   8.0
   Spider:4 |   11447 |   19102 |  62.5 |      31 |      28 |  47.5
    Slime:1 |    4089 |       0 |   0.0 |       9 |       0 |   0.0
    Slime:2 |   13936 |       0 |   0.0 |      35 |       0 |   0.0
    Slime:3 |    2888 |       0 |   0.0 |       9 |       0 |   0.0
    Slime:4 |   11732 |    5222 |  30.8 |      22 |       3 |  12.0
    Slime:5 |    9550 |   29158 |  75.3 |      18 |      10 |  35.7
      Orc:1 |    4029 |    2350 |  36.8 |      21 |       3 |  12.5
      Orc:2 |    2233 |    5597 |  71.5 |      21 |      33 |  61.1
      Elf:1 |   17423 |    6373 |  26.8 |      28 |       9 |  24.3
      Elf:2 |   17970 |   20543 |  53.3 |      30 |      26 |  46.4
      Elf:3 |   27488 |   47992 |  63.6 |      39 |      33 |  45.8
   Vaults:1 |   36062 |   19268 |  34.8 |      61 |      26 |  29.9
   Vaults:2 |   29336 |   13469 |  31.5 |      52 |      26 |  33.3
   Vaults:3 |   29730 |   35799 |  54.6 |      39 |      46 |  54.1
   Vaults:4 |   37217 |   62911 |  62.8 |      53 |      50 |  48.5
    Crypt:1 |   23999 |       0 |   0.0 |      48 |       0 |   0.0
    Crypt:2 |   37722 |    4096 |   9.8 |      54 |       5 |   8.5
    Crypt:3 |       0 |   20834 | 100.0 |       0 |      28 | 100.0
   Depths:1 |   26830 |    1427 |   5.1 |      44 |       3 |   6.4
   Depths:2 |   25117 |   69844 |  73.6 |      31 |      49 |  61.2
   Depths:3 |   23558 |   40662 |  63.3 |      28 |      25 |  47.2
   Depths:4 |   38537 |    2314 |   5.7 |      55 |       5 |   8.3
   Depths:5 |   75859 |   22815 |  23.1 |      60 |      12 |  16.7
      Zot:1 |   21846 |       0 |   0.0 |      16 |       0 |   0.0
      Zot:2 |   73785 |    2863 |   3.7 |      39 |       2 |   4.9
      Zot:3 |   22101 |   24761 |  52.8 |      11 |      14 |  56.0
      Zot:4 |   76684 |       0 |   0.0 |      50 |       0 |   0.0
      Zot:5 |   62124 |  154891 |  71.4 |      41 |      39 |  48.8
    Abyss:3 |    1489 |       0 |   0.0 |       5 |       0 |   0.0
        Lab |       0 |    1937 | 100.0 |       0 |       5 | 100.0
      Sewer |       0 |     142 | 100.0 |       0 |      18 | 100.0
    Ossuary |       0 |     186 | 100.0 |       0 |      50 | 100.0
            +---------+---------+-------+---------+---------+-------

Table legend:
 A = Turns spent in this place as a percentage of turns spent in the entire game.
 B = Non-inter-level travel turns spent in this place as a percentage of non-inter-level travel turns spent in the entire game.
 C = Inter-level travel turns spent in this place as a percentage of turns spent in this place.
 D = Turns resting spent in this place as a percentage of non-inter-level travel turns spent in this place.
 E = Turns spent auto-exploring this place as a percentage of non-inter-level travel turns spent in this place.
 F = Non-inter-level travel turns spent in this place divided by the number of levels of this place that you've seen.
                   A       B       C       D       E      F
               +-------+-------+-------+-------+-------+----------------------
         Total | 100.0 | 100.0 |  13.4 |  35.8 |  29.8 | 1894.5
       Dungeon |  22.1 |  21.6 |  15.7 |  33.5 |  34.7 | 1634.3
          Lair |   9.8 |   8.9 |  21.8 |  22.0 |  42.2 | 1679.2
         Swamp |   5.8 |   6.3 |   5.1 |  43.8 |  27.5 | 1795.5
   Spider Nest |   5.7 |   6.1 |   7.3 |  47.0 |  22.5 | 1746.0
    Slime Pits |   2.8 |   3.1 |   2.6 |  34.8 |  10.5 | 709.8
  Orcish Mines |   2.2 |   2.2 |  14.4 |  26.9 |  38.3 | 1244.0
   Elven Halls |   8.1 |   8.3 |  11.3 |  44.8 |  17.2 | 3134.0
        Vaults |   8.5 |   8.7 |  10.9 |  27.5 |  37.8 | 2477.8
         Crypt |   3.4 |   3.6 |   8.6 |  22.2 |  34.0 | 1352.7
        Depths |  14.1 |  12.6 |  22.7 |  39.6 |  28.5 | 2872.2
           Zot |  15.4 |  16.2 |   8.9 |  40.7 |  27.5 | 3686.0
         Abyss |   0.6 |   0.7 |   0.0 |  49.5 |   0.0 | 764.0
     Labyrinth |   0.2 |   0.3 |   0.0 |  20.4 |   0.0 | 313.0
         Sewer |   0.4 |   0.5 |   0.0 |   6.5 |  51.4 | 588.0
       Ossuary |   0.8 |   0.9 |   0.0 |  43.7 |   3.5 | 1049.0
               +-------+-------+-------+-------+-------+----------------------

Table legend:
 A = Kills in this place as a percentage of kills in entire the game.
 B = Kills by you in this place as a percentage of kills by you in the entire game.
 C = Kills by friends in this place as a percentage of kills by friends in the entire game.
 D = Other kills in this place as a percentage of other kills in the entire game.
 E = Experience gained in this place as a percentage of experience gained in the entire game.
 F = Experience gained in this place divided by the number of levels of this place that you have seen.
                   A       B       C       D       E      F
               +-------+-------+-------+-------+-------+----------------------
         Total | 100.0 | 100.0 | 100.0 | 100.0 | 100.0 | 27827.0
       Dungeon |  19.1 |  19.4 |   0.0 |   2.6 |   5.2 | 5834.4
          Lair |   8.3 |   8.4 |   0.0 |   5.3 |   3.1 | 8505.3
         Swamp |   6.4 |   6.5 |   0.0 |   0.0 |   4.9 | 20486.2
   Spider Nest |   8.0 |   8.0 |   0.0 |   5.3 |   5.2 | 21833.2
    Slime Pits |   4.3 |   4.3 |   0.0 |   0.0 |   4.6 | 15315.0
  Orcish Mines |   3.1 |   3.2 |   0.0 |   0.0 |   0.9 | 7104.5
   Elven Halls |   6.6 |   6.6 |   0.0 |   7.9 |   8.3 | 45929.7
        Vaults |  14.2 |  13.9 |   0.0 |  31.6 |  15.8 | 65948.0
         Crypt |   5.4 |   5.4 |  42.9 |   0.0 |   5.2 | 28883.7
        Depths |  12.9 |  12.5 |   0.0 |  44.7 |  20.2 | 67551.0
           Zot |   8.6 |   8.6 |  57.1 |   2.6 |  26.4 | 88253.6
         Abyss |   0.2 |   0.2 |   0.0 |   0.0 |   0.1 | 1489.0
     Labyrinth |   0.2 |   0.2 |   0.0 |   0.0 |   0.1 | 1937.0
         Sewer |   0.7 |   0.7 |   0.0 |   0.0 |   0.0 | 142.0
       Ossuary |   2.0 |   2.0 |   0.0 |   0.0 |   0.0 | 186.0
               +-------+-------+-------+-------+-------+----------------------
